 Dungeon Crawl Stone Soup version 0.27-a0-531-gb72ec1a1b6 (webtiles) character file.

Game seed: 13218303818230096736

1338026 MiFiHotspot the Minotaur Barricade (level 27, -1/273 HPs)
             Began as a Minotaur Fighter on Mar 5, 2021.
             Was the Champion of the Shining One.
             Slain by an emperor scorpion (5 damage)
             ... summoned by a royal mummy
             ... on level 2 of the Tomb of the Ancients.
             The game lasted 08:48:12 (113040 turns).

MiFiHotspot the Minotaur Barricade (MiFi)         Turns: 113040, Time: 08:48:13

Health: -1/273     AC: 49    Str: 30 (32) XL:     27
Magic:  14/27      EV:  8    Int: 14      God:    the Shining One [******]
Gold:   3962       SH:  0    Dex: 12      Spells: 48/48 levels left

rFire    + + .     SeeInvis .   b - +12 spear "Xoin" {flame, rElec rPois}
rCold    + + +     Faith    .   (no shield)
rNeg     + + +     Spirit   .   N - +8 orange crystal plate armour {Archmagi, Int+3 Clar}
rPois    +         Reflect  .   E - +2 hat {Will+}
rElec    +         Harm     .   j - +2 cloak {Will+}
rCorr    +         Rampage  +   Q - +2 pair of gloves {Stlth+}
Will     ++++.     Clarity  +   r - +2 pair of boots {rampage}
Stlth    ..........             n - amulet of the Sky {Regen+ Dex+4 Slay+5}
HPRegen  0.00/turn              V - ring "Ruitess" {rF+ rCorr Int+4 Dex-4}
MPRegen  0.20/turn              f - ring of the Eagle {rF+ rC+++ Int+6 Dex+4 Slay-5}

@: glowing, studying Stealth
A: hooves 2, horns 2, iridescent scales 1, berserk 3, blurry vision 2, clumsy 2,
deformed body, deterioration 1, dopey 2, low mp 3, screaming 1, shaggy fur 1,
inhibited regeneration, subdued magic 2, retaliatory headbutt
}: 14/15 runes: decaying, serpentine, slimy, silver, iron, obsidian, icy, bone,
abyssal, demonic, glowing, magical, fiery, dark
a: Renounce Religion, Divine Shield, Cleansing Flame, Summon Divine Warrior,
Brand Weapon With Holy Wrath


You were on level 2 of the Tomb of the Ancients.
You worshipped the Shining One.
The Shining One was exalted by your worship.
You visited 18 branches of the dungeon, and saw 89 of its levels.
You visited Pandemonium 1 time, and saw 22 of its levels.
You visited the Abyss 1 time.
You also visited: Wizlab.

You collected 19668 gold pieces.
You spent 15706 gold pieces at shops.

Inventory:

Hand Weapons
 a - the +8 longbow "Zephyr" {speed, Dex+3 SInv}
   (You found it on level 3 of the Elven Halls)

   Attacks with this weapon are significantly faster.
   It affects your dexterity (+3).
   It lets you see invisible.
 b - the +12 spear "Xoin" (weapon) {flame, rElec rPois}
   (You found it on level 7 of Gehenna)

   It has been specially enchanted to burn those struck by it, causing extra
   injury to most foes and up to half again as much damage against particularly
   susceptible opponents.
   It insulates you from electricity.
   It protects you from poison.
 F - the +6 sword of Cerebov {flame}
   (You took it off Cerebov in Pandemonium)

   It has been specially enchanted to burn those struck by it, causing extra
   injury to most foes and up to half again as much damage against particularly
   susceptible opponents.
   Big, fiery blades are also staple armaments of hydra-hunters.
   The Shining One disapproves of the use of such an item.
 I - the +8 mithril axe "Arga" {speed, Will+}
   (You acquired it on level 8 of the Dungeon)

   Attacks with this weapon are significantly faster.
   It affects your willpower, your defense against some magical effects.
Missiles
 J - 119 arrows
 L - 10 silver javelins (quivered)
Armour
 g - a +8 tower shield of fire resistance
 j - a +2 cloak of willpower (worn)
 r - a +2 pair of boots of rampaging (worn)
 A - the +2 cloak "Jyed" {rPois}
   (You bought it in a shop on level 5 of the Dungeon)

   It protects you from poison.
 E - a +2 hat of willpower (worn)
 N - the +8 orange crystal plate armour (worn) {Archmagi, Int+3 Clar}
   (You bought it in a shop on level 4 of the Snake Pit)

   It affects your intelligence (+3).
   It protects you against confusion.
 Q - a +2 pair of gloves of stealth (worn)
Jewellery
 f - the ring of the Eagle (right hand) {rF+ rC+++ Int+6 Dex+4 Slay-5}
   (You took it off a yaktaur captain on level 5 of the Vaults)

   [ring of intelligence]

   It affects your intelligence (+6).
   It affects your dexterity (+4).
   It affects your accuracy and damage with ranged weapons and melee attacks
   (-5).
   It protects you from fire.
   It renders you almost immune to cold.
 n - the amulet of the Sky (around neck) {Regen+ Dex+4 Slay+5}
   (You bought it in a shop on level 3 of the Vaults)

   [amulet of regeneration]

   It affects your dexterity (+4).
   It affects your accuracy and damage with ranged weapons and melee attacks
   (+5).
   It increases your rate of regeneration.
 u - the amulet "Vousisch" {Faith rElec rC+ Str-2 Int+2}
   (You found it in Pandemonium)

   [amulet of faith]

   It allows you to gain divine favour quickly.
   It affects your strength (-2).
   It affects your intelligence (+2).
   It protects you from cold.
   It insulates you from electricity.
 x - an amulet of reflection
 z - the ring of Desertification {Ice Will+ Str+4 Dex-2 SInv}
   (You found it in Pandemonium)

   [ring of ice]

   It enhances your ice magic.
   It affects your strength (+4).
   It affects your dexterity (-2).
   It makes you vulnerable to fire.
   It protects you from cold.
   It affects your willpower, your defense against some magical effects.
   It lets you see invisible.
 V - the ring "Ruitess" (left hand) {rF+ rCorr Int+4 Dex-4}
   (You found it on level 2 of the Vaults)

   [ring of resist corrosion]

   It affects your intelligence (+4).
   It affects your dexterity (-4).
   It protects you from fire.
   It provides partial protection from all sources of acid and corrosion.
Wands
 y - a wand of digging (21)
 G - a wand of mindburst (3)
 O - a wand of iceblast (10)
Scrolls
 c - 2 scrolls of blinking
 e - 14 scrolls of fog
 h - 32 scrolls of teleportation
 l - 2 scrolls of silence
 m - 15 scrolls of immolation
 p - 5 scrolls of brand weapon
 q - 14 scrolls of magic mapping
 w - 4 scrolls of enchant armour
 C - 3 scrolls of amnesia
 M - 4 scrolls of holy word
 P - 9 scrolls of summoning
 R - a scroll of identify
 T - 9 scrolls of fear
 U - 20 scrolls of enchant weapon
Potions
 d - 6 potions of might
 i - 4 potions of ambrosia
 k - 6 potions of resistance
 o - 3 potions of magic
 s - 7 potions of cancellation
 t - 8 potions of mutation
 v - 20 potions of lignification
 B - 12 potions of attraction
 D - 8 potions of flight
 H - 2 potions of brilliance
 K - 26 potions of curing
 Y - 7 potions of berserk rage


   Skills:
 O Level 27 Fighting
 O Level 27 Axes
 - Level 21.7(27) Maces & Flails
 - Level 22.5(27) Polearms
 - Level 10.6(21.9) Staves
 + Level 23.3 Bows
 O Level 27 Armour
 - Level 13.3 Stealth
 O Level 27 Shields
 - Level 11.0 Spellcasting
 + Level 10.3 Air Magic
 O Level 27 Invocations
 - Level 14.4 Evocations


You had 48 spell levels left.
You didn't know any spells.
Your spell library contained the following spells:

 Spells                   Type           Power      Damage    Failure   Level
 Swiftness                Air            34%        N/A       1%          2
 Shock                    Conj/Air       80%        1d8       3%          1
 Airstrike                Air            17%        N/A       4%          4
 Corpse Rot               Necr/Air       N/A        N/A       5%          2
 Poisonous Vapours        Pois/Air       40%        N/A       5%          2
 Static Discharge         Conj/Air       20%        N/A       13%         3
 Mephitic Cloud           Conj/Pois/Air  16%        N/A       26%         3
 Animate Skeleton         Necr           14%        N/A       34%         1
 Apportation              Tloc           14%        N/A       34%         1
 Beastly Appendage        Tmut           14%        N/A       34%         1
 Corona                   Hex            7%         N/A       34%         1
 Foxfire                  Conj/Fire      28%        2x1d5     34%         1
 Freeze                   Ice            28%        1d5       34%         1
 Pain                     Necr           28%        1d5       34%         1
 Sandblast                Erth           14%        2d6       34%         1
 Sting                    Tmut/Pois      28%        1d4       34%         1
 Summon Small Mammal      Summ           28%        N/A       34%         1
 Summon Lightning Spire   Summ/Air       20%        N/A       43%         4
 Blink                    Tloc           N/A        N/A       50%         2
 Call Imp                 Summ           7%         N/A       50%         2
 Ensorcelled Hibernation  Hex/Ice        14%        N/A       50%         2
 Passwall                 Tmut/Erth      5%         N/A       50%         2
 Slow                     Hex            7%         N/A       50%         2
 Sublimation of Blood     Necr           3%         N/A       50%         2
 Wereblood                Tmut           7%         N/A       50%         2
 Call Canine Familiar     Summ           7%         N/A       75%         3
 Confusing Touch          Hex            7%         N/A       75%         3
 Conjure Flame            Conj/Fire      7%         6-21      75%         3
 Dazzling Flash           Conj/Hex       14%        N/A       75%         3
 Frozen Ramparts          Ice            14%        1d3       75%         3
 Gell's Gravitas          Tloc           3%         N/A       75%         3
 Ignite Poison            Fire/Tmut/Pois 7%         N/A       75%         3
 Inner Flame              Hex/Fire       7%         N/A       75%         3
 Lesser Beckoning         Tloc           3%         N/A       75%         3
 Ozocubu's Armour         Ice            7%         N/A       75%         3
 Portal Projectile        Hex/Tloc       14%        N/A       75%         3
 Spider Form              Tmut/Pois      3%         N/A       75%         3
 Stone Arrow              Conj/Erth      14%        3d7       75%         3
 Summon Guardian Golem    Hex/Summ       7%         N/A       75%         3
 Teleport Other           Tloc           7%         N/A       75%         3
 Tukima's Dance           Hex            7%         N/A       75%         3
 Vampiric Draining        Necr           3%         2d6       75%         3
 Lightning Bolt           Conj/Air       10%        1d23      80%         5
 Silence                  Hex/Air        10%        N/A       80%         5
 Animate Armour           Summ/Erth      14%        N/A       99%         4
 Animate Dead             Necr           3%         N/A       99%         4
 Cause Fear               Hex            3%         N/A       99%         4
 Dispel Undead            Necr           7%         3d8       99%         4
 Hailstorm                Conj/Ice       7%         3d4       99%         4
 Ice Form                 Ice/Tmut       7%         N/A       99%         4
 Iskenderun's Mystic Bla  Conj/Tloc      7%         2d4       99%         4
 Leda's Liquefaction      Hex/Erth       3%         N/A       99%         4
 Manifold Assault         Tloc           7%         N/A       99%         4
 Olgreb's Toxic Radiance  Pois           7%         N/A       99%         4
 Passage of Golubria      Tloc           N/A        N/A       99%         4
 Petrify                  Tmut/Erth      7%         N/A       99%         4
 Summon Ice Beast         Ice/Summ       7%         N/A       99%         4
 Agony                    Necr           7%         N/A       100%        5
 Alistair's Intoxication  Tmut/Pois      4%         N/A       100%        5
 Bolt of Magma            Conj/Fire/Erth 3%         4d5       100%        5
 Borgnjor's Vile Clutch   Necr/Erth      3%         N/A       100%        5
 Fireball                 Conj/Fire      3%         3d4       100%        5
 Irradiate                Conj/Tmut      3%         3d14      100%        5
 Lee's Rapid Deconstruct  Erth           3%         3d6*      100%        5
 Metabolic Englaciation   Hex/Ice        3%         N/A       100%        5
 Summon Forest            Summ/Tloc      3%         N/A       100%        5
 Summon Mana Viper        Hex/Summ       7%         N/A       100%        5
 Yara's Violent Unravell  Hex/Tmut       3%         3d4       100%        5
 Conjure Ball Lightning   Conj/Air       10%        3x3d6     100%        6
 Death Channel            Necr           3%         N/A       100%        6
 Dispersal                Tloc           3%         N/A       100%        6
 Eringya's Noxious Bog    Tmut/Pois      3%         N/A       100%        6
 Freezing Cloud           Conj/Ice/Air   8%         6-21      100%        6
 Hydra Form               Tmut           3%         N/A       100%        6
 Invisibility             Hex            7%         N/A       100%        6
 Iron Shot                Conj/Erth      3%         9d2       100%        6
 Shadow Creatures         Summ           N/A        N/A       100%        6
 Simulacrum               Ice/Necr       3%         N/A       100%        6
 Starburst                Conj/Fire      3%         8x6d3     100%        6
 Statue Form              Tmut/Erth      4%         N/A       100%        6
 Dragon Form              Tmut           3%         N/A       100%        7
 Ozocubu's Refrigeration  Ice            3%         4d5       100%        7
 Summon Hydra             Summ           3%         N/A       100%        7
 Borgnjor's Revivificati  Necr           3%         N/A       100%        8
 Chain Lightning          Conj/Air       10%        N/A       100%        8
 Discord                  Hex            3%         N/A       100%        8
 Disjunction              Tloc           3%         N/A       100%        8
 Ignition                 Fire           3%         3d4       100%        8
 Infestation              Necr           3%         N/A       100%        8
 Lehudib's Crystal Spear  Conj/Erth      3%         10d3      100%        8
 Necromutation            Tmut/Necr      3%         N/A       100%        8
 Absolute Zero            Ice            3%         ∞         100%        9
 Death's Door             Necr           3%         N/A       100%        9
 Dragon's Call            Summ           3%         N/A       100%        9
 Fire Storm               Conj/Fire      3%         8d1       100%        9
 Tornado                  Air            17%        N/A       100%        9


Dungeon Overview and Level Annotations

Branches:
Dungeon (15/15)            Temple (1/1) D:6            Lair (6/6) D:8
  Swamp (4/4) Lair:4        Snake (4/4) Lair:4        Slime (5/5) Lair:5
    Orc (2/2) D:9             Elf (3/3) Orc:2        Vaults (5/5) D:14
  Crypt (3/3) Vaults:2       Tomb (2/3) Crypt:3      Depths (5/5) D:15
   Hell (visited)             Dis (7/7) Hell            Geh (7/7) Hell
    Coc (7/7) Hell            Tar (7/7) Hell            Zot (5/5) Depths:5
 WizLab (visited)

Altars:
Ashenzari
Cheibriados
Dithmenos
Elyvilon
Fedhas
Gozag
Hepliaklqana
Kikubaaqudgha
Makhleb
Nemelex Xobeh
Okawaru
Qazlal
Ru
Sif Muna
Trog
Uskayaw
Vehumet
Wu Jian
Xom
Yredelemnul
Zin
The Shining One
Beogh
Jiyva

Shops:
D:5 !![[   D:11 [   D:14 =   Orc:2 ((?:(*   Elf:3 [   Snake:3 ![   Snake:4 *(=*
Vaults:1 (   Vaults:2 *!?   Vaults:3 =   Vaults:5 !?!!???   Depths:4 !=

Portals:
Hell: Depths:1 Depths:2 Depths:3 Depths:4 Depths:5
Abyss: Depths:1 Depths:3 Depths:4 Depths:5
Pandemonium: Depths:2 Depths:3 Depths:5
Ziggurat: Depths:1

Annotations:
Lair:3 exclusion: oklob plant
Lair:5 exclusion: oklob plant


Innate Abilities, Weirdness & Mutations

You have a pair of horns on your head.
You reflexively headbutt those who attack you in melee.
You have hoof-like feet.
You are partially covered in iridescent scales. (AC +2)
You have an uncontrollable temper.
Scrolls take you longer to read.
You are very clumsy. (Dex -4)
Armour fits poorly on your strangely shaped body.
Your body sometimes deteriorates upon taking damage.
You are very dopey. (Int -4)
Your magical capacity is extremely low. (-30% MP)
You occasionally shout uncontrollably at your foes.
You are covered in fur. (AC +1)
You do not regenerate when monsters are visible.
Your spells are easier to cast, but less powerful.


Message History

The royal mummy is severely damaged.
The flying skull hits you but does no damage. x2
The emperor scorpion stings you!
* * * LOW HITPOINT WARNING * * *
The emperor scorpion closely misses you.
The emperor scorpion claws you but does no damage.
The royal mummy hits you but does no damage.
You puncture the royal mummy! You burn the royal mummy.
You headbutt the royal mummy, but do no damage.
The royal mummy is severely damaged.
The death scarab bites you but does no damage.
The flying skull barely misses you. You furiously retaliate!
You headbutt the flying skull.
The emperor scorpion stings you but does no damage.
The emperor scorpion claws you but does no damage. x2
The flying skull hits you.
* * * LOW HITPOINT WARNING * * *
The death scarab barely misses you. You furiously retaliate!
You headbutt the death scarab!!
The flying skull hits you but does no damage.
You hit the royal mummy but do no damage.
The royal mummy is severely damaged.
The death scarab bites you but does no damage.
The flying skull hits you but does no damage.
The emperor scorpion stings you but does no damage.
The emperor scorpion claws you but does no damage. x2
A guardian mummy comes into view.
The royal mummy hits you but does no damage.
The flying skull hits you but does no damage.
Unknown command.
You hit the royal mummy. You burn the royal mummy.
You headbutt the royal mummy!
The royal mummy is almost destroyed.
The death scarab bites you!
* * * LOW HITPOINT WARNING * * *
The flying skull barely misses you. The emperor scorpion barely misses you.
The emperor scorpion claws you. The Shining One protects you from harm!
The emperor scorpion claws you.
You die...

.. .. ### .. .
.... M##.##. ..
...M.##....?##...
....#......M..#..
..#...z.......#.
#.............#
#...MBs.†....(#
#...szzZ....$.#
..#MMz@MB.....#.
....#.sBs.....#..
.....##.$...##...
.... .##.##.....
... .. ### ... .
.. .## ##.. . ##


You could see a royal mummy, 4 emperor scorpions, an ancient champion, a mummy
priest, 4 guardian mummies, 3 death scarabs, 3 flying skulls, a mummy and an
iron dragon skeleton.

Vanquished Creatures
  Cerebov (Pan)
  Antaeus (Coc:7)
  Asmodeus (Geh:7)
  the Royal Jelly (Slime:5)
  11 pandemonium lords (Pan)
  Ereshkigal (Tar:7)
  Gloorx Vloq (Pan)
  the Serpent of Hell (Tar:7)
  Lom Lobon (Pan)
  Mnoleg (Pan)
  Dispater (Dis:7)
  5 dread liches
  5 orbs of fire
  3 ancient liches
  Mennas (Depths:3)
  A juggernaut (Depths:4)
  4 royal mummies
  Sojobo (Depths:2)
  Boris (thrice) (Vaults:4 Crypt:3 Depths:1)
  4 Killer Klowns (Zot:5)
  Bai Suzhen (Depths:3)
  15 shard shrikes
  3 curse toes
  8 golden dragons
  2 caustic shrikes (Depths:2)
  Geryon (Hell)
  Nikola (Snake:2)
  A profane servitor (Pan)
  Jory (Depths:3)
  the Enchantress (Depths:2)
  4 electric golems
  14 bone dragons
  5 doom hounds
  26 Tzitzimimeh
  2 hellephants
  24 tentacled monstrosities
  8 iron giants
  17 liches
  22 Ice Fiends
  11 Hell Sentinels
  19 Brimstone Fiends
  25 Orb Guardians (Zot:5)
  5 deep elf master archers (Elf:3)
  Asterion (Vaults:2)
  10 tentacled starspawn
  8 titans
  3 deep elf blademasters (Elf:3)
  Frances (Swamp:1)
  9 quicksilver dragons
  18 acid blobs
  7 death cobs
  An eldritch tentacle (Pan)
  6 sphinxes
  Kirke (Lair:6)
  21 ancient champions
  27 Executioners
  3 thorn hunters
  Gastronok (D:8)
  10 draconian monks
  11 storm dragons
  15 shadow dragons
  An azure jelly (shapeshifter) (Vaults:4)
  9 nagarajas
  3 revenants (Crypt:1)
  13 azure jellies
  Donald (Crypt:1)
  9 tengu reavers
  The ghost of Allula97 the Fighter, an adept DsBe of Trog (Swamp:1)
  A fenstrider witch (Swamp:1)
  The ghost of Lofupn the Imperceptible, an adept SpEn of Wu Jian (Vaults:2)
  6 deep elf sorcerers
  3 draconian knights
  A daeva (Pan)
  3 ghost moths
  25 fire giants
  4 draconian scorchers
  14 frost giants
  20 vault wardens
  Aizul (Snake:4)
  7 iron dragons
  Louise (Snake:2)
  4 draconian stormcallers
  5 curse skulls
  26 cacodemons
  3 draconian shifters
  39 balrugs
  2 angels (Pan)
  63 reapers
  10 warmongers (Pan)
  4 deep elf elementalists
  8 ghouls
  6 spriggan defenders
  2 war gargoyles
  28 stone giants
  9 blood saints (Pan)
  8 ironheart preservers
  2 elemental wellsprings
  5 draconian annihilators
  6 apis (Pan)
  28 very ugly things
  12 vampire knights
  11 corrupters (Pan)
  15 lorocyprocas
  11 green draconians
  2 entropy weavers
  17 black draconians
  4 deep elf demonologists
  9 spark wasps
  5 white draconians
  8 black suns (Pan)
  10 purple draconians
  7 yellow draconians
  5 bunyips
  4 bennus (Tomb:1)
  A minotaur (shapeshifter) (Vaults:5)
  5 deep elf annihilators
  9 red draconians
  Snorg (D:12)
  10 death oozes
  16 green deaths
  4 eleionomae
  25 blizzard demons
  6 eidola
  9 fire dragons
  A shambling mangrove (Swamp:2)
  16 deep elf death magi
  26 ettins
  3 deep elf high priests
  4 quicksilver dragon zombies
  12 jiangshi
  A merfolk impaler (Depths:1)
  9 yaktaur captains
  9 mummy priests
  9 great orbs of eyes
  13 rakshasas
  7 boulder beetles
  3 kraken zombies
  15 naga warriors
  31 ice dragons
  7 hell beasts
  6 monstrous demonspawn (Pan)
  9 spriggan air magi
  25 vault guards
  Erolcha (Orc:2)
  15 hydras
  A caustic shrike simulacrum (Depths:1)
  3 catoblepae
  3 death knights
  12 anacondas
  3 ghost crabs
  7 quicksilver dragon skeletons
  15 ogre magi
  28 two-headed ogres
  5 centaur warriors
  22 dancing weapons
  6 deep troll shamans
  12 naga sharpshooters
  20 death yaks
  9 alligators
  14 death scarabs (Tomb:2)
  9 titan zombies
  7 spriggan berserkers
  66 sun demons
  11 vampire magi
  38 hell hogs
  6 orc high priests (Orc:2)
  7 tengu warriors
  8 deep troll earth magi
  15 thrashing horrors
  A holy swine (Pan)
  Urug (Lair:1)
  6 shock serpents
  8 wretched stars
  12 deep elf knights
  11 spriggans
  Sonja (Lair:5)
  38 soul eaters
  4 titan skeletons
  63 hell knights
  2 iron golems
  13 iron trolls
  A salamander mystic (Snake:4)
  4 storm dragon zombies
  28 sixfirhies
  A fire crab (shapeshifter) (D:15)
  15 deep trolls
  152 skeletal warriors
  7 goliath frogs
  3 golden dragon zombies
  12 anaconda zombies
  10 shadow wraiths
  4 spatial maelstroms
  7 unseen horrors
  2 death drakes
  6 ghost moth zombies
  16 torturous demonspawn (Pan)
  10 glowing orange brains
  25 shadow demons
  A storm dragon skeleton (Geh:4)
  2 glowing orange brains (shapeshifter)
  A deep troll (shapeshifter) (Depths:4)
  21 starcursed masses
  4 bog bodies
  7 deep elf archers
  8 infernal demonspawn (Pan)
  A kraken simulacrum (Hell)
  A spriggan druid (Swamp:2)
  4 harpies (Vaults:2)
  4 sea snakes (Snake:2)
  18 flayed ghosts
  10 wizards
  5 swamp dragons
  17 gelid demonspawn (Pan)
  12 ironbrand convokers
  A swamp dragon (shapeshifter) (Depths:4)
  Pikel (D:7)
  3 shadow dragon zombies
  2 golden dragon skeletons
  32 phantasmal warriors
  6 naga ritualists
  6 mana vipers
  4 shadow dragon skeletons
  2 wolf spider zombies
  2 tengu skeletons
  7 iron dragon zombies
  4 anaconda skeletons
  22 necromancers
  9 fire giant zombies
  A harpy (shapeshifter) (Vaults:5)
  13 orc knights
  7 orc sorcerers
  7 shining eyes
  31 deep elf pyromancers
  A faun (shapeshifter) (Depths:3)
  6 frost giant zombies
  11 salamanders
  10 stone giant zombies
  2 wolf spiders
  3 manticores
  20 deep elf zephyrmancers
  2 worldbinders
  7 cyclopes
  56 ugly things
  A manticore (shapeshifter) (Depths:4)
  A cyclops (shapeshifter) (Vaults:5)
  6 will-o-the-wisps
  A salamander (shapeshifter) (Depths:2)
  2 centaur zombies
  25 moths of wrath
  5 eyes of devastation
  14 elephants
  28 black mambas
  A moth of wrath (shapeshifter) (Depths:2)
  4 iron dragon skeletons
  45 rust devils
  8 stone giant skeletons
  4 dire elephant zombies
  Joseph (D:7)
  4 guardian serpents
  A black mamba (shapeshifter) (Vaults:2)
  13 fire giant skeletons
  9 frost giant skeletons
  20 vault sentinels
  2 apocalypse crabs (Abyss:3)
  A shock serpent zombie (Crypt:3)
  14 cane toads
  4 ice statues (Coc:7)
  48 smoke demons
  24 naga magi
  2 gargoyles
  A shock serpent skeleton (Geh:1)
  A torpor snail (Lair:6)
  2 emperor scorpion zombies (Geh:4)
  41 hellions
  A rime drake (Lair:2)
  3 molten gargoyles
  32 orange demons
  4 dire elephant skeletons
  Psyche (D:7)
  Maggie (D:8)
  4 catoblepas zombies
  61 yaktaurs
  A torpor snail (shapeshifter) (Depths:2)
  A kobold demonologist (Depths:5)
  32 freezing wraiths
  62 ice devils
  11 komodo dragons
  A red draconian zombie (Crypt:2)
  A white draconian skeleton (Crypt:3)
  14 efreet
  49 tormentors
  3 tengu conjurers (Depths:2)
  25 demonic crawlers
  14 hellwings (Pan)
  13 guardian mummies
  A bloated husk (Swamp:3)
  6 ancient zymes
  49 red devils
  2 catoblepas skeletons
  A jumping spider (shapeshifter) (D:14)
  12 hydra zombies
  5 harpy zombies
  A troll (shapeshifter) (Elf:2)
  4 silent spectres
  A polar bear (Lair:2)
  7 trolls
  8 tyrant leeches
  13 hornets
  5 hydra skeletons
  2 spriggan zombies
  59 slime creatures
  10 ettin zombies
  3 ice dragon zombies
  A stone giant simulacrum (Depths:1)
  12 raiju
  5 harpy skeletons
  14 blink frogs
  4 dream sheep (Lair:6)
  9 fire dragon zombies
  2 deep troll zombies (Depths:1)
  A meliai zombie (D:13)
  7 alligator zombies
  6 fire dragon skeletons
  A frost giant simulacrum (Depths:1)
  A blink frog (shapeshifter) (Depths:5)
  130 flying skulls
  3 air elementals
  An alligator skeleton (Coc:6)
  5 black mamba zombies
  2 satyr skeletons
  19 water elementals
  A guardian serpent skeleton (Crypt:3)
  3 redbacks
  8 wyverns
  39 shadows
  A tarantella (Vaults:1)
  4 ettin skeletons
  2 ushabtiu
  4 vampires
  4 ice dragon skeletons
  37 wraiths
  74 yaks
  2 black mamba skeletons
  A deep troll skeleton (Depths:1)
  25 fire elementals
  65 large abominations
  3 fire bats (Abyss:5)
  37 ynoxinuls
  A hog (Lair:6)
  13 golden eyes
  A steam dragon (D:12)
  An emperor scorpion simulacrum (Coc:7)
  4 swamp worm simulacra (Swamp:4)
  6 basilisks
  40 chaos spawn
  A golden eye (shapeshifter) (D:14)
  24 neqoxecs
  A spatial vortex (Abyss:3)
  9 vampire mosquitoes
  Edmund (D:4)
  15 swamp worms
  3 two-headed ogre zombies
  An acid dragon (Vaults:1)
  13 wargs
  A monstrous demonspawn zombie (Hell)
  56 nagas
  17 hydra simulacra
  21 water moccasins
  10 cane toad zombies
  77 hell hounds
  Duvessa (D:7)
  3 floating eyes
  A floating eye (shapeshifter) (Depths:3)
  8 small abominations
  3 swamp drakes
  7 ice beasts
  A swamp dragon zombie (Geh:3)
  An ettin simulacrum (Vaults:2)
  27 orc warriors
  2 sky beasts
  A boulder beetle simulacrum (Vaults:1)
  3 black bears
  A black bear (shapeshifter) (Vaults:5)
  2 eyes of draining (shapeshifter)
  9 eyes of draining
  24 necrophages
  4 snapping turtle zombies
  40 ogres
  A boggart (shapeshifter) (Vaults:1)
  4 manticore zombies
  A blink frog skeleton (Crypt:3)
  20 boggarts
  5 wolves
  10 centaurs
  2 manticore skeletons (Coc:7)
  A lemure (D:7)
  A rime drake zombie (Crypt:2)
  4 snapping turtle skeletons
  3 swamp dragon skeletons
  10 phantoms
  4 kobold brigands
  A gnoll sergeant (D:8)
  30 bullfrogs
  A wyvern zombie (D:9)
  A cane toad simulacrum (Coc:2)
  A water moccasin zombie (D:6)
  Dowan (D:7)
  3 human skeletons
  5 scorpions
  2 hornet simulacra
  7 troll zombies (WizLab)
  A warg zombie (Crypt:1)
  9 killer bees (D:12)
  A yak skeleton (Crypt:1)
  3 electric eels
  97 wights
  5 howler monkeys
  A lava snake (D:9)
  9 crimson imps
  2 human simulacra
  4 bullfrog zombies
  A yaktaur simulacrum (Vaults:1)
  A hound (shapeshifter) (Depths:2)
  8 hounds
  36 orc priests
  4 quasits
  10 human zombies
  3 bullfrog skeletons
  28 iron imps
  4 jellies
  9 centaur skeletons
  6 iguanas
  18 orc wizards
  16 worker ants
  7 hell rats (Hell)
  4 ogre zombies
  3 hound skeletons
  A howler monkey skeleton (D:7)
  A howler monkey zombie (Crypt:1)
  21 mummies
  2 worker ant zombies
  10 gnolls
  16 adders
  A river rat (shapeshifter) (Vaults:5)
  21 shadow imps
  35 white imps
  A worker ant simulacrum (D:10)
  3 ufetubi
  An ooze (D:3)
  4 swamp drake simulacra (Swamp:4)
  A halfling zombie (Crypt:1)
  An adder skeleton (D:6)
  4 worms
  11 leopard geckos
  122 orcs
  4 ball pythons
  A ball python (shapeshifter) (Depths:2)
  5 giant cockroaches
  6 goblins
  9 hobgoblins
  7 jackals
  21 kobolds
  3 quokkas
  A ball python skeleton (D:4)
  A ball python zombie (Crypt:2)
  14 bats
  4 frilled lizards
  A jackal zombie (D:6)
  3 kobold skeletons
  4 orc zombies
  A quokka skeleton (D:10)
  8 rats
  A rat zombie (Crypt:1)
  6 briar patches (Swamp:1)
  A bush (D:3)
  2 fire vortices (Pan)
  12 starspawn tentacles
  3 tentacles
5036 creatures vanquished.

Vanquished Creatures (collateral kills)
  An ancient lich (WizLab)
  A pandemonium lord (Pan)
  2 bone dragons
  A hellephant (Hell)
  A Hell Sentinel (Pan)
  A tentacled monstrosity (Zot:1)
  A deep elf blademaster (Elf:2)
  4 Executioners (Pan)
  An ancient champion (Crypt:3)
  A death cob (Zot:1)
  A tengu reaver (Depths:2)
  A nagaraja (Snake:4)
  A blood saint (Pan)
  2 fire giants
  2 black suns (Pan)
  A juggernaut zombie (Crypt:3)
  An orc warlord (Orc:2)
  A balrug (Pan)
  A draconian shifter (Zot:5)
  A reaper (Pan)
  An apis (Pan)
  A corrupter (Pan)
  A yellow draconian (Depths:5)
  A white draconian (Zot:1)
  3 ettins
  A great orb of eyes (Depths:5)
  A rakshasa (Depths:1)
  A monstrous demonspawn (Pan)
  A dancing weapon (Elf:2)
  4 hell hogs
  A naga sharpshooter (Snake:4)
  A hell knight (Geh:1)
  2 soul eaters (Pan)
  6 sun demons
  A sea snake (Snake:2)
  A titan skeleton (Geh:2)
  3 skeletal warriors
  A sixfirhy (Pan)
  A glowing orange brain (Pan)
  A shadow demon (Pan)
  A ghost moth zombie (Geh:4)
  2 anaconda skeletons
  A deep elf pyromancer (Elf:2)
  2 deep elf zephyrmancers (Elf:2)
  2 necromancers
  An ugly thing (Depths:2)
  A salamander (Snake:2)
  A guardian serpent (Snake:4)
  A rust devil (Geh:3)
  4 naga magi (Snake:4)
  A stone giant skeleton (Geh:2)
  An orange demon (Pan)
  2 dire elephant zombies
  3 hellions
  2 hydra zombies
  A red devil (Geh:2)
  A troll (Orc:2)
  2 hellwings (Pan)
  10 flying skulls
  2 shadows
  An ettin skeleton (Crypt:3)
  A spriggan (Depths:4)
  An alligator skeleton (Geh:1)
  2 ynoxinuls (Pan)
  A fire dragon skeleton (Crypt:3)
  A black mamba zombie (Geh:2)
  A neqoxec (Pan)
  2 two-headed ogre zombies (WizLab)
  4 nagas
  3 hell hounds
  3 large abominations (Pan)
  A manticore zombie (Geh:2)
  An orc warrior (Orc:2)
  A swamp dragon zombie (Geh:2)
  A necrophage (Geh:3)
  A draconian zombie (Crypt:3)
  3 wights
  5 orc priests (Orc:2)
  An orc wizard (Orc:2)
  2 orcs (Orc:2)
136 creatures vanquished.

Vanquished Creatures (others)
  A lich (Pan)
  An eldritch tentacle (Pan)
  2 fire giants
  A deep elf elementalist (Elf:3)
  An elemental wellspring (Coc:7)
  A blizzard demon (Coc:7)
  A ghost crab (Swamp:4)
  3 hell hogs
  A torturous demonspawn (Pan)
  A glowing orange brain (Pan)
  A deep elf zephyrmancer (Vaults:1)
  An ugly thing (Depths:1)
  A naga mage (Snake:2)
  A red devil (Geh:3)
  A bloated husk (Swamp:2)
  A flying skull (Coc:7)
  A wraith (Geh:1)
  2 water elementals (Coc:7)
  3 humans (Lair:6)
  4 chaos spawn
  A vampire mosquito (Swamp:3)
  A hell hound (Dis:6)
  A boggart (Vaults:1)
  A necrophage (Geh:1)
  A small abomination (Abyss:3)
  An adder zombie (D:9)
  10 ball lightnings (Pan)
  2 blocks of ice (Pan)
  A bush (Lair:4)
  2 demonic plants (Pan)
  13 foxfires
  38 fungi
  2 lurking horrors
  122 plants
  15 starspawn tentacles
  13 tentacles
  14 withered plants (Crypt:3)
267 creatures vanquished.

Grand Total: 5439 creatures vanquished

Notes
Turn   | Place    | Note
-------+----------+-------------------------------------------
     0 | D:1      | MiFiHotspot the Minotaur Fighter began the quest for the
                  | Orb.
     0 | D:1      | Reached XP level 1. HP: 19/19 MP: 0/0
   105 | D:1      | Reached XP level 2. HP: 27/27 MP: 1/1
   704 | D:2      | Found a blossoming altar of Fedhas.
   792 | D:2      | Reached XP level 3. HP: 16/33 MP: 2/2
  1686 | D:2      | Noticed an ogre
  1839 | D:3      | Reached XP level 4. HP: 38/41 MP: 3/3
  1919 | D:3      | Found a shimmering altar of Xom.
  2291 | D:3      | Reached XP level 5. HP: 43/47 MP: 4/4
  3013 | D:2      | Killed an ogre
  3014 | D:2      | Reached skill level 5 in Fighting
  3014 | D:2      | Reached skill level 5 in Armour
  3014 | D:2      | Reached skill level 5 in Shields
  3014 | D:2      | Reached XP level 6. HP: 42/56 MP: 5/5
  3199 | D:2      | Found a shimmering blue altar of Sif Muna.
  3356 | D:4      | Identified the +6 spear "Goblinslayer" {flame, +Rage rC+
                  | Int+2 Stlth+}
  3461 | D:4      | Identified the +4 halberd of Conservatism {freeze, *Rage
                  | rElec rN+++ Dex+2}
  3555 | D:4      | Noticed Edmund
  3568 | D:4      | Killed Edmund
  3652 | D:4      | Reached XP level 7. HP: 61/62 MP: 6/6
  3730 | D:4      | Found a sparkling altar of Nemelex Xobeh.
  3734 | D:4      | Found a snail-covered altar of Cheibriados.
  3738 | D:4      | Found a stormy altar of Qazlal.
  3743 | D:4      | Reached skill level 5 in Axes
  3964 | D:5      | Entered Level 5 of the Dungeon
  3965 | D:5      | Found Toroatom's Distillery.
  4022 | D:5      | Found a hide-covered altar of Uskayaw.
  4025 | D:5      | Noticed a +0 hand axe
  4025 | D:5      | Noticed a +0 dagger
  4037 | D:5      | Found Goykuow's Armour Shoppe.
  4269 | D:5      | Found Jycoph's Distillery.
  4272 | D:5      | Found Poecul's Antique Armour Emporium.
  4284 | D:5      | Bought an encrusted cloak for 323 gold pieces
  4284 | D:5      | Identified the +2 cloak "Jyed" {rPois} (You bought it in a
                  | shop on level 5 of the Dungeon)
  4484 | D:5      | Found a sacrificial altar of Ru.
  4636 | D:6      | Reached XP level 8. HP: 70/71 MP: 7/7
  4855 | D:6      | Found a staircase to the Ecumenical Temple.
  4861 | Temple   | Entered the Ecumenical Temple
  4953 | Temple   | Became a worshipper of the Shining One
  5668 | D:7      | Reached skill level 1 in Invocations
  5731 | D:7      | Noticed Joseph
  5744 | D:7      | Killed Joseph
  5745 | D:7      | Reached XP level 9. HP: 47/81 MP: 7/9
  6000 | D:7      | Found an iron altar of Okawaru.
  6049 | D:7      | Noticed Dowan
  6054 | D:7      | Noticed Duvessa
  6065 | D:7      | Killed Duvessa
  6074 | D:7      | Killed Dowan
  6078 | D:7      | HP: 4/82 [yak (12)]
  6601 | D:7      | Reached * piety under the Shining One
  6685 | D:7      | Found a basalt altar of Yredelemnul.
  6807 | D:7      | Noticed Pikel
  6816 | D:7      | Killed Pikel
  6819 | D:7      | Reached ** piety under the Shining One
  6841 | D:7      | You fall into a shaft and drop 3 floors!
  6841 | D:10     | Entered Level 10 of the Dungeon
  6843 | D:10     | Noticed a gargoyle
  6925 | D:10     | Killed a gargoyle
  6926 | D:10     | Reached XP level 10. HP: 45/91 MP: 10/12
  8026 | D:8      | Reached skill level 5 in Invocations
  8045 | D:8      | Noticed Gastronok
  8155 | D:9      | Found an ornate altar of the Wu Jian Council.
  8155 | D:9      | Identified the +9 morningstar of Bile {vorpal, rN+ Str+4
                  | Int-2}
  8211 | D:9      | Found a white marble altar of Elyvilon.
  8226 | D:9      | Reached skill level 10 in Armour
  8230 | D:9      | Reached skill level 10 in Fighting
  8230 | D:9      | Reached skill level 10 in Shields
  8496 | D:9      | Found a staircase to the Orcish Mines.
  8886 | D:8      | Found a glowing silver altar of Zin.
  9553 | D:8      | Noticed Psyche
  9558 | D:8      | Noticed Maggie
  9558 | D:8      | Reached *** piety under the Shining One
  9563 | D:8      | Found a staircase to the Lair.
  9571 | D:7      | Killed Psyche
  9755 | D:8      | Reached XP level 11. HP: 65/100 MP: 14/14
  9901 | D:8      | Killed Gastronok
  9902 | D:8      | Reached skill level 10 in Axes
 10298 | D:8      | Killed Maggie
 10842 | D:10     | Noticed an unseen horror
 10845 | D:10     | Killed an unseen horror
 10962 | D:10     | Noticed a two-headed ogre
 10968 | D:10     | Killed a two-headed ogre
 11327 | D:10     | Identified the +8 broad axe of the Sugar Beet {pain,
                  | Fragile rC+ rN+ Dex+3}
 11762 | Lair:1   | Entered Level 1 of the Lair of Beasts
 11786 | Lair:1   | Noticed Urug
 11818 | Lair:1   | Killed Urug
 11963 | Lair:1   | Noticed a six-headed hydra
 11969 | Lair:1   | Killed a six-headed hydra
 12137 | Lair:1   | Reached **** piety under the Shining One
 12198 | Lair:1   | Reached XP level 12. HP: 110/110 MP: 16/16
 12702 | Lair:2   | Noticed a five-headed hydra
 12708 | Lair:2   | Killed a five-headed hydra
 12788 | Lair:2   | Noticed a six-headed hydra
 12803 | Lair:2   | Killed a six-headed hydra
 13013 | Lair:2   | Noticed an eight-headed hydra
 13021 | Lair:2   | Killed an eight-headed hydra
 13448 | Lair:2   | Noticed a six-headed hydra
 13475 | Lair:2   | Killed a six-headed hydra
 13768 | Lair:2   | You fall into a shaft and drop 2 floors!
 13768 | Lair:4   | Noticed a four-headed hydra
 13776 | Lair:4   | Killed a four-headed hydra
 13974 | Lair:4   | Noticed a death yak
 14111 | Lair:4   | Noticed a death yak
 14124 | Lair:4   | Killed a death yak
 14419 | Lair:4   | Found a staircase to the Snake Pit.
 14419 | Lair:4   | Noticed a death yak
 14420 | Lair:4   | Noticed a death yak
 14877 | Lair:3   | Reached XP level 13. HP: 113/119 MP: 18/18
 16336 | Lair:4   | Reached ***** piety under the Shining One
 17244 | Lair:4   | Found a staircase to the Swamp.
 17594 | Lair:5   | Noticed Sonja
 17602 | Lair:5   | Killed Sonja
 18381 | Lair:5   | Found a viscous altar of Jiyva.
 18382 | Lair:5   | Found a staircase to the Slime Pits.
 18526 | Lair:6   | Entered Level 6 of the Lair of Beasts
 18697 | Lair:6   | Reached skill level 10 in Invocations
 18782 | Lair:6   | Reached XP level 14. HP: 90/129 MP: 20/20
 18819 | Lair:6   | Noticed Kirke
 18821 | Lair:6   | Noticed a sphinx
 18852 | Lair:6   | Killed Kirke
 20320 | Orc:1    | Entered Level 1 of the Orcish Mines
 20897 | Orc:2    | Entered Level 2 of the Orcish Mines
 21705 | Orc:2    | Reached ****** piety under the Shining One
 22114 | Orc:2    | Found Refuus's Weapon Emporium.
 22118 | Orc:2    | Found a staircase to the Elven Halls.
 22240 | Orc:2    | Noticed Erolcha
 22255 | Orc:2    | Killed Erolcha
 22317 | Orc:2    | Noticed an orc warlord
 22333 | Orc:2    | Killed an orc warlord
 22360 | Orc:2    | Found Puur's Book Boutique.
 22360 | Orc:2    | Found Koeliod's Antique Weapon Emporium.
 22597 | Orc:2    | Found Piqym's General Store.
 22606 | Orc:2    | Bought a potion of heal wounds for 70 gold pieces
 22789 | Orc:2    | Found Egrapibb's Antique Weapon Boutique.
 22789 | Orc:2    | Found Wuecw's Magic Scroll Emporium.
 22963 | Elf:1    | Entered Level 1 of the Elven Halls
 24070 | Lair:5   | HP: 5/133 [death yak (19)]
 25158 | Lair:6   | Reached XP level 15. HP: 137/139 MP: 22/22
 25207 | Lair:6   | Identified the +4 scimitar of the Solstice {holy, Str+2
                  | Int-3 Stlth+}
 26104 | Orc:2    | Bought a scroll of identify for 26 gold pieces
 26173 | Orc:2    | Bought 2 scrolls of identify for 56 gold pieces
 26312 | D:5      | Bought a +4 plate armour of cold resistance for 700 gold
                  | pieces
 26366 | D:5      | Bought a potion of haste for 110 gold pieces
 26369 | D:5      | Bought an embroidered scarf for 272 gold pieces
 26369 | D:5      | Bought a glowing hat for 238 gold pieces
 26390 | D:5      | Bought a potion of flight for 39 gold pieces
 26542 | Snake:1  | Entered Level 1 of the Snake Pit
 27095 | Snake:1  | Reached skill level 15 in Shields
 27534 | Snake:1  | Reached skill level 15 in Fighting
 27534 | Snake:1  | Reached skill level 15 in Armour
 28349 | Swamp:1  | Entered Level 1 of the Swamp
 28451 | Snake:2  | Noticed Louise
 28575 | Snake:2  | Killed Louise
 28912 | Snake:2  | Noticed Nikola
 29210 | Snake:2  | The Shining One protects you from harm!
 29959 | Orc:2    | Reached skill level 15 in Axes
 31969 | Elf:2    | Found a magical portal.
 32049 | Elf:2    | Found a runed translucent gate.
 32049 | Elf:2    | Found a runed translucent gate.
 32049 | Elf:2    | Found a runed translucent gate.
 32074 | Elf:2    | Reached XP level 16. HP: 118/149 MP: 24/24
 32336 | WizLab   | Entered Zonguldrok's Shrine
 32521 | WizLab   | Noticed an ancient champion
 32535 | WizLab   | Killed an ancient champion
 32572 | WizLab   | Noticed an antique lich
 32579 | WizLab   | Killed an antique lich
 32683 | WizLab   | Found the +9 sword of Zonguldrok {reap}
 32720 | WizLab   | Identified the Grimoire of the Wumpus
 33271 | Elf:3    | Entered Level 3 of the Elven Halls
 33314 | Elf:3    | Found Toexkej's Antique Armour Boutique.
 33737 | Elf:3    | Identified the Almanac of Floating Poison
 33918 | Elf:2    | Noticed a deep elf blademaster
 33958 | Elf:2    | Killed a deep elf blademaster
 35084 | Elf:3    | Noticed a deep elf master archer
 35112 | Elf:3    | Killed a deep elf master archer
 35264 | Elf:3    | Noticed a deep elf master archer
 35283 | Elf:3    | Killed a deep elf master archer
 35812 | Elf:3    | Noticed a deep elf master archer
 35830 | Elf:3    | Killed a deep elf master archer
 35831 | Elf:3    | Reached XP level 17. HP: 149/160 MP: 22/25
 36159 | Elf:3    | Noticed a deep elf blademaster
 36159 | Elf:3    | Noticed a deep elf master archer
 36181 | Elf:3    | Killed a deep elf blademaster
 36196 | Elf:3    | Killed a deep elf master archer
 36431 | Elf:3    | Identified the Almanac of Snow and Creation
 36503 | Elf:3    | Noticed a deep elf master archer
 36504 | Elf:3    | Noticed a deep elf blademaster
 36506 | Elf:3    | Noticed a deep elf blademaster
 36532 | Elf:3    | Killed a deep elf blademaster
 36550 | Elf:3    | Killed a deep elf blademaster
 36557 | Elf:3    | Killed a deep elf master archer
 36734 | Elf:3    | Found the +8 longbow "Zephyr" {speed, Dex+3 SInv}
 36797 | Elf:3    | Identified the Catalogue of the Snowflakes and Conjuration
 36885 | Elf:3    | Identified 3 scrolls of acquirement
 36956 | Elf:3    | Identified the +8 glaive of the Smoking Genius {elec,
                  | rElec}
 37357 | Elf:3    | Bought a shiny plate armour for 806 gold pieces
 37357 | Elf:3    | Bought a runed buckler for 232 gold pieces
 37357 | Elf:3    | Bought a runed cloak for 232 gold pieces
 37549 | D:8      | Acquired a +2 broad axe of holy wrath
 37550 | D:8      | Acquired 867 gold pieces
 37551 | D:8      | Acquired the +8 mithril axe "Arga" {speed, Will+}
 37552 | D:8      | Found the +8 mithril axe "Arga" {speed, Will+}
 38437 | Snake:2  | Killed Nikola
 39028 | Snake:2  | Acquired the ring "Orisazics" {rElec Will++ MP+9 SInv}
 39769 | Snake:3  | Found Eghiopaq's Armour Shoppe.
 39827 | Snake:3  | Bought the +6 plate armour of the True Pharaoh {rF+ Regen+
                  | Int+3} for 1319 gold pieces
 40537 | Snake:3  | Found Pirofaji's Distillery.
 40847 | Snake:4  | Entered Level 4 of the Snake Pit
 41010 | Snake:4  | Reached XP level 18. HP: 163/170 MP: 26/26
 41133 | Snake:4  | Noticed Aizul
 41155 | Snake:4  | Killed Aizul
 41214 | Snake:4  | Found Ythrephe's Antique Weapon Shoppe.
 41214 | Snake:4  | Found Con Kun's General Store.
 41214 | Snake:4  | Found Voleev's Assorted Antiques.
 41216 | Snake:4  | Found Ydiz's Jewellery Shoppe.
 41865 | Snake:4  | Got a serpentine rune of Zot
 43140 | Swamp:1  | Noticed Frances
 43172 | Swamp:1  | Killed Frances
 43360 | Swamp:1  | Noticed a tentacled monstrosity
 43366 | Swamp:1  | Noticed Allula97's ghost (adept DsBe)
 43366 | Swamp:1  | Noticed a tentacled monstrosity
 43728 | Swamp:1  | Found a transporter.
 43805 | Swamp:1  | Found a transporter.
 44446 | Swamp:2  | Acquired the amulet of Wuekhala {RegenMP Str+8 Dex-2}
 44453 | Swamp:2  | Acquired 916 gold pieces
 45197 | Swamp:2  | Reached XP level 19. HP: 163/180 MP: 27/27
 46366 | Swamp:4  | Entered Level 4 of the Swamp
 46444 | Swamp:4  | Identified the +0 leather armour of the Page of Swords
                  | {Harm rC+ rCorr Str-2}
 46727 | Swamp:4  | HP: 7/181 [six-headed hydra simulacrum (28)]
 47509 | Swamp:4  | Gained mutation: You are dopey. (Int -2) [mutagenic glow]
 47518 | Swamp:4  | Gained mutation: Your muscles are strong. (Str +2)
                  | [mutagenic glow]
 47531 | Swamp:4  | Gained mutation: Scrolls take you a little longer to read.
                  | [mutagenic glow]
 47577 | Swamp:4  | Lost mutation: You are dopey. (Int -2) [potion of mutation]
 47577 | Swamp:4  | Lost mutation: Scrolls take you a little longer to read.
                  | [potion of mutation]
 47577 | Swamp:4  | Lost mutation: Your muscles are strong. (Str +2) [potion of
                  | mutation]
 47577 | Swamp:4  | Gained mutation: You are clumsy. (Dex -2) [potion of
                  | mutation]
 47577 | Swamp:4  | Gained mutation: Potions are less effective at restoring
                  | your health. [potion of mutation]
 47577 | Swamp:4  | Gained mutation: Your body sometimes deteriorates upon
                  | taking damage. [potion of mutation]
 47577 | Swamp:4  | Gained mutation: Your muscles are strong. (Str +2) [potion
                  | of mutation]
 47967 | Swamp:4  | Acquired 586 gold pieces
 47979 | Swamp:4  | Got a decaying rune of Zot
 48013 | Swamp:4  | Gained mutation: You are very clumsy. (Dex -4) [mutagenic
                  | glow]
 48022 | Swamp:4  | Gained mutation: Scrolls take you a little longer to read.
                  | [mutagenic glow]
 48038 | Swamp:4  | Lost mutation: Your muscles are strong. (Str +2) [mutagenic
                  | glow]
 48581 | D:11     | Found a gate leading to a gauntlet.
 48628 | D:11     | Found Qegoasch's Antique Armour Shoppe.
 49179 | D:12     | Noticed Snorg
 49188 | D:12     | Killed Snorg
 50760 | D:14     | Identified the +8 spear of Ash {vorpal, rElec}
 50775 | D:14     | Found a gate to the Vaults.
 50944 | D:14     | Lost mutation: Scrolls take you a little longer to read.
                  | [potion of mutation]
 50944 | D:14     | Lost mutation: Your body sometimes deteriorates upon taking
                  | damage. [potion of mutation]
 50944 | D:14     | Lost mutation: Potions are less effective at restoring your
                  | health. [potion of mutation]
 50944 | D:14     | Gained mutation: You tend to lose your temper in combat.
                  | [potion of mutation]
 50944 | D:14     | Gained mutation: You are partially covered in iridescent
                  | scales. (AC +2) [potion of mutation]
 50944 | D:14     | Gained mutation: You expend magic power (3 MP) to
                  | strengthen your wands. [potion of mutation]
 50944 | D:14     | Gained mutation: You are covered in fur. (AC +1) [potion of
                  | mutation]
 51110 | D:14     | Found Wouf's Jewellery Emporium.
 51229 | D:15     | Entered Level 15 of the Dungeon
 51489 | D:15     | Found a staircase to the Depths.
 52039 | Vaults:1 | Entered Level 1 of the Vaults
 52299 | Vaults:1 | Reached XP level 20. HP: 191/191 MP: 28/28
 52905 | Vaults:1 | Found Difizefa's Weapon Boutique.
 53491 | Vaults:2 | Found Osowir's Distillery.
 53495 | Vaults:2 | Noticed Asterion
 53526 | Vaults:2 | Found Tuvvur's Magic Scroll Emporium.
 53536 | Vaults:2 | Killed Asterion
 53782 | Vaults:2 | Found Sucsiji's Assorted Antiques.
 54390 | Vaults:2 | Found a staircase to the Crypt.
 54420 | Vaults:2 | Found a runed translucent gate.
 54420 | Vaults:2 | Found a runed translucent gate.
 54420 | Vaults:2 | Found a runed translucent gate.
 54420 | Vaults:2 | Noticed Lofupn's ghost (adept SpEn)
 54609 | Vaults:2 | Killed Lofupn's ghost
 54626 | Vaults:2 | Identified the ring "Ruitess" {rF+ rCorr Int+4 Dex-4}
 55454 | Vaults:3 | Identified the +1 leather armour of Subjectivity {*Contam
                  | rN++ MP+9 Slay+3}
 55653 | Vaults:3 | Reached XP level 21. HP: 191/201 MP: 29/29
 55920 | Vaults:3 | Found Keudar's Jewellery Boutique.
 56967 | Vaults:4 | Noticed Boris
 56986 | Vaults:4 | Killed Boris
 57266 | Vaults:4 | Found a shimmering altar of Xom.
 57327 | Vaults:4 | Found a huge runed gate.
 57327 | Vaults:4 | Found a huge runed gate.
 57327 | Vaults:4 | Found a huge runed gate.
 57327 | Vaults:4 | Found a huge runed gate.
 57327 | Vaults:4 | Found a huge runed gate.
 57327 | Vaults:4 | Found a huge runed gate.
 57328 | Vaults:4 | Found a huge runed gate.
 57328 | Vaults:4 | Found a huge runed gate.
 57328 | Vaults:4 | Found a huge runed gate.
 57328 | Vaults:4 | Found a huge runed gate.
 57328 | Vaults:4 | Found a huge runed gate.
 57329 | Vaults:4 | Found a huge runed gate.
 57330 | Vaults:4 | Found a huge runed gate.
 57330 | Vaults:4 | Found a huge runed gate.
 57331 | Vaults:4 | Found a huge runed gate.
 57332 | Vaults:4 | Found a huge runed gate.
 57333 | Vaults:4 | Found a huge runed gate.
 57341 | Vaults:4 | Found a huge runed gate.
 57341 | Vaults:4 | Found a huge runed gate.
 57341 | Vaults:4 | Found a huge runed gate.
 57341 | Vaults:4 | Found a huge runed gate.
 57341 | Vaults:4 | Found a huge runed gate.
 57341 | Vaults:4 | Found a huge runed gate.
 57342 | Vaults:4 | Found a huge runed gate.
 57343 | Vaults:4 | Found a huge runed gate.
 57344 | Vaults:4 | Found a huge runed gate.
 57352 | Vaults:4 | Found a huge runed gate.
 57352 | Vaults:4 | Found a huge runed gate.
 57352 | Vaults:4 | Found a huge runed gate.
 57352 | Vaults:4 | Found a huge runed gate.
 57352 | Vaults:4 | Found a huge runed gate.
 57352 | Vaults:4 | Found a huge runed gate.
 57353 | Vaults:4 | Found a huge runed gate.
 57354 | Vaults:4 | Found a huge runed gate.
 57443 | Vaults:4 | Found a huge runed gate.
 57451 | Vaults:4 | Found a huge runed gate.
 58739 | Vaults:5 | Entered Level 5 of the Vaults
 58769 | Vaults:5 | Reached XP level 22. HP: 143/211 MP: 30/30
 59041 | Vaults:5 | Noticed a golden dragon
 59061 | Vaults:5 | Killed a golden dragon
 59428 | Vaults:5 | Identified the +2 scale mail of Subjectivity {rN+ Will+
                  | Regen+ Str-4}
 59661 | Vaults:5 | Noticed a golden dragon
 59662 | Vaults:5 | Noticed a dread lich
 59680 | Vaults:5 | Killed a golden dragon
 59686 | Vaults:5 | Killed a dread lich
 59730 | Vaults:5 | Identified Tut Wyekucs's Handbook of Frigorific Earth
 59734 | Vaults:5 | Got a silver rune of Zot
 59759 | Vaults:5 | Reached XP level 23. HP: 221/221 MP: 31/31
 59800 | Vaults:5 | Found Getzuu's Magic Scroll Boutique.
 59826 | Vaults:5 | Found Icelujug's Magic Scroll Shop.
 59837 | Vaults:5 | Found Raakaf's Magic Scroll Shoppe.
 59900 | Vaults:5 | Found Ybunivvev's Distillery.
 60639 | Vaults:5 | Acquired 1015 gold pieces
 60641 | Vaults:5 | Identified the ring of Summer {rPois Will+ Str+2 Slay+2}
 60647 | Vaults:5 | Identified the +1 pair of gloves of Midwinter {rC+ Stlth+}
 60648 | Vaults:5 | Identified the ring "Enuyq" {+Blink Str+6 Dex+2}
 60653 | Vaults:5 | Identified the +3 hand axe of Chagrin {venom, rN+ Will+
                  | Dex+3 Stlth+}
 60771 | Vaults:5 | Found Fatiusev's Distillery.
 60771 | Vaults:5 | Found Nuocatas's Distillery.
 61288 | Snake:4  | Bought a potion of haste for 120 gold pieces
 61288 | Snake:4  | Bought a scroll of teleportation for 36 gold pieces
 61296 | Snake:4  | Bought the +8 orange crystal plate armour {Archmagi, Int+3
                  | Clar} for 4046 gold pieces
 61296 | Snake:4  | Found the +8 orange crystal plate armour {Archmagi, Int+3
                  | Clar}
 61591 | D:11     | Bought a dazzling plate armour for 840 gold pieces
 61591 | D:11     | Identified the +4 plate armour "Oweaxt" {Slay+2} (You
                  | bought it in a shop on level 11 of the Dungeon)
 61591 | D:11     | Bought a steaming hat for 270 gold pieces
 61591 | D:11     | Identified the -4 hat of Generosity {*Corrode rC+ SInv}
                  | (You bought it in a shop on level 11 of the Dungeon)
 61896 | Swamp:1  | Killed Allula97's ghost
 62427 | Crypt:1  | Entered Level 1 of the Crypt
 62764 | Crypt:1  | Identified the +2 robe of Restlessness {Harm +Inv Dex+2
                  | Slay+2}
 63022 | Crypt:1  | Noticed Donald
 63031 | Crypt:1  | Killed Donald
 63788 | Crypt:2  | Found a transporter.
 64004 | Crypt:2  | Found a transporter.
 64071 | Crypt:2  | Acquired 748 gold pieces
 64077 | Crypt:2  | Noticed a dread lich
 64097 | Crypt:2  | Killed a dread lich
 64138 | Crypt:2  | Identified the +9 trident of the Walnut {protect, rN+ Int-4
                  | Stlth+}
 64141 | Crypt:2  | Identified the amulet of Sin {Reflect rPois Will- Int-4
                  | SH+5 SInv}
 64182 | Crypt:2  | Identified the ring of Feonut {AC+4 Str+4 Dex+4}
 64568 | Crypt:3  | Entered Level 3 of the Crypt
 64585 | Crypt:3  | Noticed Boris
 64603 | Crypt:3  | Killed Boris
 64926 | Crypt:3  | Reached XP level 24. HP: 185/233 MP: 31/31
 65309 | Crypt:3  | Found a staircase to the Tomb.
 65386 | Crypt:3  | Noticed an ancient lich
 65398 | Crypt:3  | Killed an ancient lich
 65408 | Crypt:3  | Identified the ring of Foetis {+Blink rN+ Str-2 Int+8 SInv}
 65408 | Crypt:3  | Identified the amulet "Geskutze" {rF+ Regen+ Str+2}
 65408 | Crypt:3  | Identified the ring "Anlocott" {rF+ rN+ MP-9 Str+2}
 65688 | Depths:1 | Entered Level 1 of the Depths
 65799 | Depths:1 | Found a gateway to a ziggurat.
 66085 | Depths:1 | Noticed Boris
 66104 | Depths:1 | Killed Boris
 66371 | Depths:1 | Found a one-way gate to the infinite horrors of the Abyss.
 66516 | Depths:1 | Found a gateway to Hell.
 67346 | Vaults:3 | Bought the amulet of the Sky {Regen+ Dex+4 Slay+5} for 796
                  | gold pieces
 67709 | Depths:2 | Noticed the Enchantress
 67729 | Depths:2 | Killed the Enchantress
 67743 | Depths:2 | Found a one-way gate leading to the halls of Pandemonium.
 67818 | Depths:2 | Noticed Sojobo
 67851 | Depths:2 | Killed Sojobo
 68176 | Depths:2 | Reached XP level 25. HP: 243/243 MP: 31/31
 69227 | Depths:3 | Identified the ring "Ypse" {rF++ AC+4}
 69231 | Depths:3 | Identified the ring of Ceudosyo {rPois rF+ rN+ Str+7
                  | Slay-5}
 69355 | Depths:3 | Noticed Jory
 69373 | Depths:3 | Killed Jory
 69466 | Depths:3 | Noticed Bai Suzhen
 69479 | Depths:3 | Killed Bai Suzhen
 69480 | Depths:3 | Reached skill level 27 in Shields
 69634 | Depths:3 | Noticed Mennas
 69657 | Depths:3 | Killed Mennas
 70420 | Depths:4 | Found Niqist's Jewellery Emporium.
 70420 | Depths:4 | Found Pabrih's Distillery.
 70428 | Depths:4 | Bought a potion of might for 60 gold pieces
 70428 | Depths:4 | Bought a potion of berserk rage for 75 gold pieces
 70446 | Depths:4 | Bought the amulet of the Air {Inacc +Fly rElec EV+5 RMsl}
                  | for 1230 gold pieces
 70446 | Depths:4 | Found the amulet of the Air {Inacc +Fly rElec EV+5 RMsl}
 71105 | Depths:4 | Reached XP level 26. HP: 238/256 MP: 31/31
 71118 | Depths:4 | Noticed a juggernaut
 71128 | Depths:4 | Killed a juggernaut
 71208 | Depths:4 | Identified the +5 whip "Diagoiq" {vorpal, +Rage rElec Str+3
                  | Dex-2}
 71210 | Depths:4 | Identified the +7 scythe of Neentif {freeze, rF+ rN++
                  | Int-5}
 71213 | Depths:4 | Identified the +5 shortbow of Innocence {vorpal, rC- Will+
                  | Dex+8}
 71234 | Depths:4 | Identified the +11 hunting sling of Attainder {vorpal,
                  | Stlth+}
 71689 | Depths:5 | Entered Level 5 of the Depths
 72707 | Depths:5 | Found a gate to the Realm of Zot.
 72894 | Depths:5 | Voluntarily entered the Abyss.
 73433 | Abyss:3  | Found a snail-covered altar of Cheibriados.
 73976 | Abyss:3  | Gained mutation: You often lose your temper in combat. [a
                  | cacodemon]
 74072 | Abyss:4  | Found a glowing silver altar of Zin.
 74072 | Abyss:4  | Found a radiant altar of Vehumet.
 74072 | Abyss:4  | Found a broken altar of Ashenzari.
 74072 | Abyss:4  | Found a snail-covered altar of Cheibriados.
 74072 | Abyss:4  | Found a hide-covered altar of Uskayaw.
 74072 | Abyss:4  | Found a blossoming altar of Fedhas.
 74072 | Abyss:4  | Found a shimmering blue altar of Sif Muna.
 74072 | Abyss:4  | Found a shadowy altar of Dithmenos.
 74072 | Abyss:4  | Found a sparkling altar of Nemelex Xobeh.
 74072 | Abyss:4  | Found a basalt altar of Yredelemnul.
 74072 | Abyss:4  | Found a stormy altar of Qazlal.
 74072 | Abyss:4  | Found an ancient bone altar of Kikubaaqudgha.
 74072 | Abyss:4  | Found a glowing golden altar of the Shining One.
 74072 | Abyss:4  | Found a white marble altar of Elyvilon.
 74072 | Abyss:4  | Found an ornate altar of the Wu Jian Council.
 74072 | Abyss:4  | Found an iron altar of Okawaru.
 74072 | Abyss:4  | Found a burning altar of Makhleb.
 74072 | Abyss:4  | Found a shimmering altar of Xom.
 74072 | Abyss:4  | Found an opulent altar of Gozag.
 74072 | Abyss:4  | Found a broken altar of Ashenzari.
 74072 | Abyss:4  | Found a bloodstained altar of Trog.
 74142 | Abyss:4  | Found a snail-covered altar of Cheibriados.
 74142 | Abyss:4  | Found a radiant altar of Vehumet.
 74144 | Abyss:4  | Found a hide-covered altar of Uskayaw.
 74204 | Abyss:5  | Entered Level 5 of the Abyss
 74204 | Abyss:5  | Found a corrupted altar of Lugonu.
 74576 | Abyss:5  | Reached XP level 27. HP: 268/268 MP: 31/31
 74628 | Abyss:5  | Got an abyssal rune of Zot
 74628 | Abyss:5  | Paralysed by accursed screaming for 2 turns
 74633 | Abyss:5  | Reached skill level 1 in Maces & Flails
 74633 | Abyss:5  | Reached skill level 1 in Polearms
 74654 | Depths:5 | Escaped the Abyss
 75129 | Slime:1  | Entered Level 1 of the Pits of Slime
 75179 | Slime:3  | Gained mutation: You are weak. (Str -2) [a shining eye]
 75289 | Slime:5  | Entered Level 5 of the Pits of Slime
 75362 | Slime:5  | Noticed the Royal Jelly
 75367 | Slime:5  | Gained mutation: Your magical capacity is low. (-10% MP) [a
                  | shining eye]
 75377 | Slime:5  | Gained mutation: Your spells are a little easier to cast,
                  | but a little less powerful. [a shining eye]
 75440 | Slime:5  | Killed the Royal Jelly
 75653 | Slime:5  | Got a slimy rune of Zot
 76274 | Slime:5  | Identified the Almanac of the Traveller and the Blaze
 76288 | Slime:5  | Identified the +5 scale mail of the Sea {rC+}
 76289 | Slime:5  | Identified the +3 glaive "Ybugapti" {vorpal, rElec Will-
                  | Dex+9}
 76374 | Slime:5  | Gained mutation: Scrolls take you a little longer to read.
                  | [a shining eye]
 76409 | Slime:5  | Identified the +4 ring mail of Puluruab {Harm +Blink Int+4}
 76420 | Slime:5  | Identified the +1 plate armour of Lethargy {*Contam rElec
                  | Int+3}
 76439 | Slime:5  | Identified the +1 scale mail "Yfuareom" {Will+ rCorr Str+3
                  | Stlth+}
 76461 | Slime:5  | Identified the +1 robe of Liberty {+Inv rF+ Will+}
 76817 | D:15     | Lost mutation: You expend magic power (3 MP) to strengthen
                  | your wands. [potion of mutation]
 76817 | D:15     | Lost mutation: Scrolls take you a little longer to read.
                  | [potion of mutation]
 76817 | D:15     | Lost mutation: You are weak. (Str -2) [potion of mutation]
 76817 | D:15     | Gained mutation: You have large cloven feet. [potion of
                  | mutation]
 76817 | D:15     | Gained mutation: Your mind is acute. (Int +2) [potion of
                  | mutation]
 76853 | Hell     | Entered the Vestibule of Hell
 76853 | Hell     | Noticed Geryon
 76872 | Hell     | Killed Geryon
 76887 | Hell     | Reached skill level 1 in Bows
 76901 | Hell     | Reached skill level 5 in Polearms
 76917 | Hell     | Reached skill level 5 in Maces & Flails
 76923 | Hell     | Reached skill level 27 in Axes
 76974 | Hell     | Found a gateway to the Iron City of Dis.
 77092 | Hell     | Found a gateway to the ashen valley of Gehenna.
 77114 | Geh:1    | Entered Level 1 of Gehenna
 79081 | Geh:3    | Reached skill level 27 in Armour
 79313 | Geh:4    | Reached skill level 5 in Bows
 79640 | Geh:6    | Reached skill level 27 in Fighting
 79773 | Geh:7    | Entered Level 7 of Gehenna
 80122 | Geh:7    | Reached skill level 10 in Maces & Flails
 80122 | Geh:7    | Reached skill level 10 in Polearms
 80491 | Geh:7    | Identified the ring of Gimao {rF+ MP+9 Dex+3 Stlth-}
 80497 | Geh:7    | Identified the +12 spear "Xoin" {flame, rElec rPois}
 80504 | Geh:7    | Identified the +7 hand axe "X" {protect, rElec}
 80505 | Geh:7    | Identified the +0 robe of Bitterness {rPois rF+ rN+}
 80747 | Geh:7    | Identified the amulet of Zeskely {Spirit *Slow Str+3 Dex+3}
 80833 | Geh:7    | Found the +7 sceptre of Asmodeus
 80833 | Geh:7    | Noticed Asmodeus
 80863 | Geh:7    | Killed Asmodeus
 80905 | Geh:7    | Got an obsidian rune of Zot
 81186 | Hell     | Found a gateway to the decaying netherworld of Tartarus.
 81195 | Hell     | Reached skill level 10 in Bows
 81438 | Zot:1    | Entered Level 1 of the Realm of Zot
 81459 | Zot:1    | Reached skill level 1 in Spellcasting
 82766 | Zot:2    | Reached skill level 5 in Spellcasting
 83299 | Zot:3    | Noticed an orb of fire
 83310 | Zot:3    | Killed an orb of fire
 83371 | Zot:3    | Found a white marble altar of Elyvilon.
 84061 | Zot:4    | Noticed an orb of fire
 84066 | Zot:4    | Gained mutation: Your body sometimes deteriorates upon
                  | taking damage. [an orb of fire]
 84072 | Zot:4    | Killed an orb of fire
 84913 | Zot:5    | Entered Level 5 of the Realm of Zot
 84937 | Zot:5    | Reached skill level 15 in Polearms
 84953 | Zot:5    | Reached skill level 15 in Maces & Flails
 84972 | Zot:5    | Identified the +0 tower shield of Proximity {*Drain +Inv
                  | rCorr Dex+9}
 85305 | Zot:5    | Noticed a dread lich
 85313 | Zot:5    | Killed a dread lich
 85410 | Zot:5    | Noticed a dread lich
 85411 | Zot:5    | Noticed an orb of fire
 85417 | Zot:5    | Noticed an ancient lich
 85430 | Zot:5    | Killed an orb of fire
 85436 | Zot:5    | Killed a dread lich
 85442 | Zot:5    | Killed an ancient lich
 85443 | Zot:5    | Reached skill level 10 in Spellcasting
 85546 | Zot:5    | Noticed an orb of fire
 85550 | Zot:5    | Noticed an orb of fire
 85550 | Zot:5    | Noticed an ancient lich
 85557 | Zot:5    | Gained mutation: Your body often deteriorates upon taking
                  | damage. [an orb of fire]
 85561 | Zot:5    | Noticed a dread lich
 85562 | Zot:5    | Gained mutation: Your magical capacity is very low. (-20%
                  | MP) [an orb of fire]
 85564 | Zot:5    | Killed an orb of fire
 85575 | Zot:5    | Gained mutation: You occasionally shout uncontrollably at
                  | your foes. [an orb of fire]
 85578 | Zot:5    | Reached skill level 15 in Bows
 85578 | Zot:5    | Killed an ancient lich
 85581 | Zot:5    | Killed an orb of fire
 85586 | Zot:5    | Killed a dread lich
 86260 | Hell     | Found a gateway to the freezing wastes of Cocytus.
 86494 | Tar:1    | Entered Level 1 of Tartarus
 88363 | Tar:5    | Reached skill level 15 in Invocations
 89103 | Tar:7    | Entered Level 7 of Tartarus
 89475 | Tar:7    | Noticed the Serpent of Hell
 89509 | Tar:7    | Killed the Serpent of Hell
 89592 | Tar:7    | Noticed Ereshkigal
 89720 | Tar:7    | Killed Ereshkigal
 90183 | Tar:7    | Got a bone rune of Zot
 90352 | Tar:7    | Identified the Grimoire of Malediction and the Volcanoes
 90354 | Tar:7    | Identified the Incunabulum of the Frostbite
 90771 | Vaults:2 | Bought a potion of heal wounds for 95 gold pieces
 90771 | Vaults:2 | Bought a potion of berserk rage for 95 gold pieces
 90771 | Vaults:2 | Bought a potion of berserk rage for 95 gold pieces
 90771 | Vaults:2 | Bought a potion of resistance for 190 gold pieces
 90771 | Vaults:2 | Bought a potion of curing for 57 gold pieces
 90771 | Vaults:2 | Bought 2 potions of might for 152 gold pieces
 90803 | Vaults:2 | Bought a scroll of enchant weapon for 90 gold pieces
 90803 | Vaults:2 | Bought a scroll of magic mapping for 42 gold pieces
 90803 | Vaults:2 | Bought a scroll of enchant weapon for 90 gold pieces
 90803 | Vaults:2 | Bought a scroll of blinking for 90 gold pieces
 90803 | Vaults:2 | Bought a scroll of holy word for 90 gold pieces
 91015 | Vaults:5 | Bought a scroll of enchant armour for 142 gold pieces
 91035 | Vaults:5 | Bought a scroll of enchant armour for 142 gold pieces
 91043 | Vaults:5 | Found Manixe's Magic Scroll Boutique.
 91048 | Vaults:5 | Bought a scroll of blinking for 105 gold pieces
 91048 | Vaults:5 | Bought a scroll of enchant armour for 105 gold pieces
 91048 | Vaults:5 | Bought a scroll of magic mapping for 49 gold pieces
 91063 | Vaults:5 | Bought a potion of haste for 170 gold pieces
 91063 | Vaults:5 | Bought 2 potions of curing for 102 gold pieces
 91063 | Vaults:5 | Bought a potion of might for 68 gold pieces
 91063 | Vaults:5 | Bought a potion of haste for 170 gold pieces
 91063 | Vaults:5 | Bought a potion of resistance for 170 gold pieces
 91093 | Vaults:5 | Bought a scroll of summoning for 161 gold pieces
 91093 | Vaults:5 | Bought a scroll of enchant armour for 127 gold pieces
 91093 | Vaults:5 | Bought a scroll of fear for 59 gold pieces
 91093 | Vaults:5 | Bought a scroll of fear for 59 gold pieces
 91105 | Vaults:5 | Bought 2 potions of might for 168 gold pieces
 91105 | Vaults:5 | Bought a potion of heal wounds for 105 gold pieces
 91105 | Vaults:5 | Bought a potion of haste for 210 gold pieces
 91105 | Vaults:5 | Bought a potion of heal wounds for 105 gold pieces
 91105 | Vaults:5 | Bought a potion of curing for 63 gold pieces
 91117 | Vaults:5 | Bought a potion of might for 48 gold pieces
 91117 | Vaults:5 | Bought a potion of berserk rage for 60 gold pieces
 91117 | Vaults:5 | Bought 2 potions of resistance for 240 gold pieces
 91117 | Vaults:5 | Bought a potion of heal wounds for 60 gold pieces
 91117 | Vaults:5 | Bought a potion of curing for 36 gold pieces
 91123 | Vaults:5 | Identified the +6 rapier "Arbiter" {antimagic, +Blink rF+
                  | Will++ Str+3}
 91123 | Vaults:5 | Identified the ring of the Eagle {rF+ rC+++ Int+6 Dex+4
                  | Slay-5}
 92007 | Coc:1    | Entered Level 1 of Cocytus
 92116 | Coc:2    | Reached skill level 1 in Staves
 92673 | Coc:6    | Reached skill level 5 in Staves
 93028 | Coc:7    | Entered Level 7 of Cocytus
 94015 | Coc:7    | Noticed Antaeus
 94074 | Coc:7    | Killed Antaeus
 94115 | Coc:7    | Identified the -1 pair of gloves "Geid" {rPois Int+4 Dex+3}
 94118 | Coc:7    | Got an icy rune of Zot
 94299 | Coc:7    | Reached skill level 10 in Staves
 94421 | Coc:7    | Found the +10 morningstar "Eos" {elec, Halo rElec}
 94469 | Coc:7    | Identified the Volume of Shifting Orientation
 94681 | Dis:1    | Entered Level 1 of the Iron City of Dis
 94830 | Dis:1    | Reached skill level 1 in Stealth
 96164 | Dis:4    | Reached skill level 5 in Stealth
 96834 | Dis:7    | Entered Level 7 of the Iron City of Dis
 97206 | Dis:7    | Gained mutation: Your magical capacity is extremely low.
                  | (-30% MP) [a cacodemon]
 97208 | Dis:7    | Gained mutation: Scrolls take you a little longer to read.
                  | [a cacodemon]
 97623 | Dis:7    | Found the +4 staff of Dispater
 97623 | Dis:7    | Noticed Dispater
 97670 | Dis:7    | Killed Dispater
 97762 | Dis:7    | Got an iron rune of Zot
 99173 | Pan      | Entered Pandemonium
 99523 | Pan      | Noticed Risoblock the pandemonium lord
 99528 | Pan      | Reached skill level 10 in Stealth
 99538 | Pan      | Killed Risoblock the pandemonium lord
 99661 | Pan      | Noticed Jyitog the pandemonium lord
 99684 | Pan      | Killed Jyitog the pandemonium lord
100106 | Pan      | Noticed Datoel the pandemonium lord
100118 | Pan      | Killed Datoel the pandemonium lord
100479 | Pan      | Noticed Puameum the pandemonium lord
100512 | Pan      | Killed Puameum the pandemonium lord
100674 | Pan      | Identified the +10 spear of Doom {vorpal, rPois Will+ Str-4
                  | SInv}
100802 | Pan      | Found a huge runed translucent gate.
100806 | Pan      | Found a huge runed translucent gate.
100807 | Pan      | Found a huge runed translucent gate.
100808 | Pan      | Found a huge runed translucent gate.
100809 | Pan      | Found a huge runed translucent gate.
100810 | Pan      | Found a huge runed translucent gate.
101541 | Pan      | Reached skill level 1 in Evocations
101769 | Pan      | Found a huge runed translucent gate.
101782 | Pan      | Noticed Zuff the pandemonium lord
101804 | Pan      | Killed Zuff the pandemonium lord
101819 | Pan      | Got a demonic rune of Zot
101949 | Pan      | Noticed Idias the pandemonium lord
101971 | Pan      | Killed Idias the pandemonium lord
102007 | Pan      | Reached skill level 5 in Evocations
102957 | Pan      | Found an exit through the horrors of the Abyss.
103022 | Pan      | Noticed Vudaol the pandemonium lord
103042 | Pan      | Killed Vudaol the pandemonium lord
103573 | Pan      | Noticed Zauffuoh the pandemonium lord
103604 | Pan      | Killed Zauffuoh the pandemonium lord
104124 | Pan      | Acquired 999 gold pieces
104382 | Pan      | Noticed Cuygit the pandemonium lord
104410 | Pan      | Killed Cuygit the pandemonium lord
104493 | Pan      | Found an exit through the horrors of the Abyss.
105075 | Pan      | Noticed Zuvud the pandemonium lord
105090 | Pan      | Killed Zuvud the pandemonium lord
105121 | Pan      | Lost mutation: Your mind is acute. (Int +2) [a cacodemon]
105145 | Pan      | Reached skill level 10 in Evocations
106293 | Pan      | Noticed Jateas the pandemonium lord
106310 | Pan      | Killed Jateas the pandemonium lord
106330 | Pan      | Gained mutation: Scrolls take you longer to read. [a
                  | neqoxec]
106791 | Pan      | Entered the realm of Mnoleg.
106792 | Pan      | Found an exit through the horrors of the Abyss.
106908 | Pan      | Gained mutation: You do not regenerate when monsters are
                  | visible. [a cacodemon]
106923 | Pan      | Gained mutation: Scrolls take you much longer to read. [a
                  | cacodemon]
107030 | Pan      | Noticed Mnoleg
107032 | Pan      | Gained mutation: Your spells are easier to cast, but less
                  | powerful. [a neqoxec]
107033 | Pan      | Paralysed by a floating eye for 2 turns
107034 | Pan      | Gained mutation: You are dopey. (Int -2) [a shining eye]
107042 | Pan      | Gained mutation: You have an uncontrollable temper. [a
                  | shining eye]
107068 | Pan      | Gained mutation: You are very dopey. (Int -4) [a shining
                  | eye]
107070 | Pan      | Killed Mnoleg
107336 | Pan      | Got a glowing rune of Zot
107371 | Pan      | Identified the +6 dagger "Jellyslayer" {holy, Str+3}
107803 | Pan      | Noticed Gib Warph the pandemonium lord
107811 | Pan      | Gained mutation: Armour fits poorly on your strangely
                  | shaped body. [a cacodemon]
107820 | Pan      | Gained mutation: You sometimes yell uncontrollably at your
                  | foes. [a cacodemon]
107822 | Pan      | Killed Gib Warph the pandemonium lord
107925 | Pan      | Entered the realm of Cerebov.
107925 | Pan      | Found an exit through the horrors of the Abyss.
108247 | Pan      | Found the +6 sword of Cerebov {flame}
108247 | Pan      | Noticed Cerebov
108286 | Pan      | Got a fiery rune of Zot
108313 | Pan      | Identified the amulet "Vousisch" {Faith rElec rC+ Str-2
                  | Int+2}
108314 | Pan      | Identified the +5 falchion of Corporal Punishment {pain,
                  | rPois rF+++ Int-2 Dex-4}
108362 | Pan      | Identified the ring of Desertification {Ice Will+ Str+4
                  | Dex-2 SInv}
108369 | Pan      | Identified the +1 pair of boots of Parts Unknown {Int+3
                  | Dex+2}
108372 | Pan      | Identified the +5 dagger "Hirgh" {protect, *Corrode rPois
                  | Dex+4}
108441 | Pan      | Killed Cerebov
108566 | Pan      | Identified the +11 dire flail "Afucvoti" {venom, rF+ Dex+7}
108572 | Pan      | Identified Sif Muna's Catalogue of Necromancy and Hexes
108945 | Pan      | Reached skill level 27 in Invocations
108963 | Pan      | Acquired a manual of Stealth
109051 | Pan      | Entered the realm of Gloorx Vloq.
109057 | Pan      | Reached skill level 1 in Air Magic
109098 | Pan      | Lost mutation: Scrolls take you much longer to read.
                  | [potion of mutation]
109098 | Pan      | Lost mutation: You sometimes yell uncontrollably at your
                  | foes. [potion of mutation]
109098 | Pan      | Lost mutation: Your body often deteriorates upon taking
                  | damage. [potion of mutation]
109098 | Pan      | Gained mutation: You have hoof-like feet. [potion of
                  | mutation]
109160 | Pan      | Noticed Gloorx Vloq
109187 | Pan      | Killed Gloorx Vloq
109188 | Pan      | Reached skill level 5 in Air Magic
109281 | Pan      | Got a dark rune of Zot
109435 | Pan      | Found an exit through the horrors of the Abyss.
109440 | Pan      | Entered the realm of Lom Lobon.
109617 | Pan      | Noticed Lom Lobon
109650 | Pan      | Got a magical rune of Zot
109749 | Pan      | Killed Lom Lobon
109996 | Pan      | Found a huge runed translucent gate.
110254 | Depths:5 | Escaped Pandemonium
111609 | Tomb:1   | Entered Level 1 of the Tomb of the Ancients
112233 | Tomb:1   | Noticed a royal mummy
112259 | Tomb:1   | Killed a royal mummy
113013 | Tomb:2   | Noticed a royal mummy
113013 | Tomb:2   | Noticed a royal mummy
113014 | Tomb:2   | Noticed a royal mummy
113015 | Tomb:2   | Noticed a royal mummy
113021 | Tomb:2   | Killed a royal mummy
113022 | Tomb:2   | Reached skill level 10 in Air Magic
113025 | Tomb:2   | Killed a royal mummy
113033 | Tomb:2   | Killed a royal mummy
113040 | Tomb:2   | HP: 4/273 [death scarab[a royal mummy] (17)]
113040 | Tomb:2   | The Shining One protects you from harm!
113040 | Tomb:2   | Slain by an emperor scorpion

Illustrated notes

Levels and vault maps discovered:
D:1:      scummos_arrival_checkerplants, layout_basic
D:2:      minmay_razor_zed, layout_loops_ring, lemuel_coloured_pillars_altar,
          lemuel_doored_altar
D:3:      layout_loops_ring, serial_forest, infiniplex_forest_straight_5,
          infiniplex_forest_end_1, infiniplex_forest_clump_diagonal,
          infiniplex_forest_zigzag_1, infiniplex_forest_diagonal,
          infiniplex_forest_end_3, infiniplex_forest_clump_cross,
          hangedman_abyss_or_decor_stabs, grunt_ministairs_8, xom_teletrap_fun
D:4:      layout_rooms, grunt_temple_overflow_diamond, uniq_edmund
D:5:      layout_cave_pools, dancing_weapons_uskayaw, serial_shops, shop, shop,
          nicolae_shop_stone, shop, nicolae_ru_path_of_blood
D:6:      layout_loops_ring, minmay_temple_entry_fiery, minmay_joined_circles
D:7:      layout_gridville, kennysheep_mini, lemuel_mausoleum_altar_yredelemnul,
          uniq_duvessa, uniq_joseph, uniq_pikel
D:8:      layout_rooms, nicolae_overflow_hidden_temple, minmay_lair_entry_grove,
          uniq_psyche, uniq_gastronok, uniq_maggie
D:9:      layout_basic, pdpol_wu_jian_five_deadly_venoms, elyvilon_altar_5,
          orc_0_dummy, nicolae_lava_and_water, lemuel_flamethrower_2
D:10:     layout_irregular_city, hangedman_weighted_door
D:11:     layout_loops_ring, gauntlet_entry_generic, serial_shops,
          kennysheep_little_box, minmay_microvault
D:12:     layout_basic, uniq_snorg
D:13:     layout_rooms
D:14:     layout_rooms, hangedman_vaults_entry_quadrant_bands,
          hangedman_glass_teeth, kennysheep_windowed_goal
D:15:     grunt_enter_depths_magical_seal, layout_cross, corexii_hall_statues_s
Temple:   minmay_temple_bridge_abc
Lair:1:   layout_regular_city, uniq_urug
Lair:2:   layout_chaotic_city, serial_bayou_pond_c
Lair:3:   layout_regular_city, infiniplex_staircase_pool_2, grunt_megastairs_3,
          minmay_lair_oklob_chamber
Lair:4:   layout_loops_ring, palyth_hydra_swamp_entry,
          guppyfry_snake_entry_garden, beast_lair_carwin_10
Lair:5:   layout_regular_city, slime_altar_1, grunt_megastairs_1,
          lemuel_fruit_tree, infiniplex_staircase_pool, uniq_sonja
Lair:6:   evilmike_catoblepas_cave, layout_gridlike, uniq_kirke
Swamp:1:  layout_basic_swamp, gammafunk_ghost_arena,
          evilmike_swamp_ruin_house_6, uniq_frances
Swamp:2:  nzn_winding_woodlands_three_and_one
          [nzn_winding_woodlands_5x15_crooked,
          nzn_winding_woodlands_5x15_default,
          nzn_winding_woodlands_5x15_lazy_stream,
          nzn_winding_woodlands_center_lodge], layout_falls_marsh,
          serial_swamp_ruin, evilmike_swamp_ruin_rubble_2,
          hangedman_swamp_ruin_wall
Swamp:3:  layout_basic_swamp, evilmike_swamp_ruin_house_1, swamp_pool4
Swamp:4:  swamp_icy, layout_basic_swamp
Snake:1:  layout_rooms, serial_bayou_shore_b, serial_bayou_shore_b
Snake:2:  layout_misc_corridors, drop_trap, grunt_megastairs_5,
          serial_bayou_shore_a, serial_bayou_shore_b, uniq_nikola, uniq_louise
Snake:3:  layout_chambers, serial_shops, shop, shop, st_stairs_14,
          nicolae_snake_springs
Snake:4:  snake_pit, layout_onion, minmay_shop_grid_forest, uniq_aizul
Slime:1:  layout_caves
Slime:2:  layout_caves
Slime:3:  layout_caves
Slime:4:  layout_caves
Slime:5
Orc:1:    layout_caves, mines2_david
Orc:2:    st_orc_town, layout_caves, serial_shops, nicolae_shop_behind_doors,
          shop, basic_altar, uniq_erolcha
Elf:1:    minmay_elf_arrival_plus, layout_rooms,
          hangedman_elven_crosses_minicolossus
Elf:2:    layout_gridlike, lightli_enter_wizlab_magi_temple
Elf:3:    minmay_elf_hall, layout_loops_corners, serial_shops, shop,
          amcnicky_mini_rare_corridor_liquid, serial_sigils_hangedman_confine
Vaults:1: nicolae_vaults_quartermaster, ontoclasm_vaults_loading_screen,
          nicolae_vaults_ninety_degrees, v_misc_13, nicolae_vaults_network_s,
          vaults_room_pool, vaults_room_fours, v_misc_24,
          ontoclasm_vaults_twist, v_misc_9, ontoclasm_vaults_hangar,
          dpeg_vaults_monster_box, layout_vaults_omnicross, serial_shops, shop
Vaults:2: gammafunk_vaults_ghost_split, ontoclasm_vaults_hangar,
          ontoclasm_vaults_gateway, grunt_vaults_bifocal, st_octagons_2,
          vaults_dpeg_spiral, hangedman_vaults_nodes, nicolae_vaults_little_ls,
          vaults_room_semicircle, vaults_dpeg_hooks, layout_vaults_chaotic_city,
          dummy_crypt_entry, serial_shops, shop, nicolae_shop_stone,
          nicolae_shop_waterfront, serial_glass, uniq_asterion
Vaults:3: vaults_room_door_ring, vaults_room_ringed_pool, v_misc_3,
          vaults_standard_mumra_enter_the_diamond, vaults_standard_mumra_lines,
          ontoclasm_vaults_pinch, nicolae_vaults_sealed_display, v_misc_11,
          layout_vaults_quadrants, serial_shops, shop_fountains
Vaults:4: v_rooms_2, nicolae_vaults_network_periphery, v_misc_9,
          ontoclasm_vaults_chip, vaults_room_door_ring, vaults_dpeg_ring,
          hangedman_vaults_hat, nicolae_vaults_little_squares_3,
          vaults_room_fancy_cross, v_misc_16, nicolae_vaults_network_square,
          vaults_not_door_vault_due, vaults_dpeg_diagonal,
          layout_vaults_maze_bifur, basic_altar, uniq_boris, uniq_margery
Vaults:5: serial_shops
Crypt:1:  layout_misc_corridors, uniq_donald
Crypt:2:  gammafunk_its_a_trap, layout_chaotic_city, grunt_ministairs_1
Crypt:3:  david_glass_crypt, layout_chaotic_city, tomb_entry_forgotten_bobbens
Tomb:1
Tomb:2
Depths:1: layout_forbidden_donut, enter_ziggurat_f, hangedman_geh_valley,
          abyss_entry, minmay_misc_feat_columns, kennysheep_small_spiral,
          kennysheep_generic_room_7
Depths:2: hangedman_box_tower, layout_cave_pools, rand_demon_pan_entry_5,
          pf_coc_iceberg, firewood_loft, infiniplex_staircase_zigzag_5,
          uniq_sojobo, uniq_enchantress
Depths:3: kennysheep_bubble_arena, layout_gridlike, hell_entry,
          grunt_pan_entry_spiral, abyss_entry, moated_statue, minmay_librarian,
          uniq_jory, uniq_bai_suzhen, uniq_mennas
Depths:4: giant_chief_lemuel, layout_gridlike, dk_noncrumbling_3, abyss_entry,
          grunt_metal_band, minmay_shoptagon, grunt_megastairs_4,
          minmay_staircase_bubble, serial_bayou_shore_b
Depths:5: evilmike_zot_entry_basic, layout_basic, serial_sigils,
          serial_sigils_hangedman_shear, serial_sigils_hangedman_etch,
          serial_sigils_hangedman_writhe, serial_sigils_hangedman_quiver,
          serial_sigils_hangedman_gnaw, hangedman_decor_riveting,
          grunt_pan_entry_zigzag, hangedman_tar_grid_catacomb,
          marbit_kobold_abyss_entry, hex_tiny
Hell
Dis:1:    layout_gridville, grunt_megastairs_2
Dis:2:    layout_jigsaw
Dis:3:    layout_chaotic_city, evilmike_ambush [evilmike_ambush_outer_pillars,
          evilmike_ambush_inner_wall_1]
Dis:4:    layout_subdivisions
Dis:5:    layout_overlapping_boxes
Dis:6:    layout_overlapping_boxes
Dis:7:    dis_st
Geh:1:    layout_gehenna_pools_box
Geh:2:    layout_gehenna_lava_caves
Geh:3:    layout_gehenna_pools_triple
Geh:4:    layout_gehenna_pools_box
Geh:5:    layout_gehenna_lava_caves
Geh:6:    layout_gehenna_lava_caves, lemuel_flamethrower_3
Geh:7:    evilmike_geh
Coc:1:    layout_ice_bergs
Coc:2:    layout_ice_bergs
Coc:3:    layout_ice_bergs
Coc:4:    layout_cocytus_water_paths
Coc:5:    layout_cocytus_water_paths
Coc:6:    layout_ice_bergs
Coc:7:    coc_mu
Tar:1:    layout_grid_maze, hangedman_restless_catacombs
Tar:2:    layout_grid_maze, nicolae_tar_cuneiform_sun
Tar:3:    layout_catacombs
Tar:4:    layout_honeycomb
Tar:5:    layout_catacombs, nicolae_tar_cuneiform_three
Tar:6:    layout_catacombs
Tar:7:    tar_old
Zot:1:    nicolae_moth_party, layout_basic
Zot:2:    layout_cellular_growth, kennysheep_underground_church
Zot:3:    layout_cellular_growth, basic_altar
Zot:4:    layout_cathedral_of_symmetry
Zot:5:    layout_misc_corridors

Skill      XL: |  1  2  3  4  5  6  7  8  9 10 11 12 13 14 15 16 17 18 19 20 21 22 23 24 25 26 27 |
---------------+----------------------------------------------------------------------------------+-----
Armour         | 4 5 6 7 9 10 11 12 13 14 15 16 17 18 19 20 21 22 23 24 25 27 | 27.0
Fighting       | 4 5 6 7 9 10 11 12 13 14 15 16 17 18 19 20 21 22 23 24 25 27 | 27.0
Shields        | 4 5 6 7 9 10 11 12 13 14 15 16 17 18 20 21 23 24 25 26 27 | 27.0
Axes           | 3 4 6 7 8 9 11 12 13 14 15 17 18 20 21 22 23 24 25 26 27 | 27.0
Invocations    | 1 4 5 7 8 10 11 12 27 | 27.0
Maces & Flails | 21 | 21.7
Polearms       | 22 | 22.5
Bows           | 23 | 23.3
Spellcasting   | 11 | 11.0
Staves         | 10 | 10.6
Stealth        | 13 | 13.3
Evocations     | 14 | 14.4
Air Magic      | 10 | 10.3

Action                   |  1- 3 |  4- 6 |  7- 9 | 10-12 | 13-15 | 16-18 | 19-21 | 22-24 | 25-27 || total
-------------------------+-------+-------+-------+-------+-------+-------+-------+-------+-------++-------
Melee: War axe           |   101 |    97 |       |       |       |       |       |       |       ||   198
       Headbutt          |     8 |    35 |    49 |   107 |   254 |   256 |   389 |   295 |  2868 ||  4261
       Hand axe          |       |    38 |       |       |       |       |       |       |       ||    38
       Spear             |       |    34 |   275 |   172 |       |       |       |       |   110 ||   591
       Morningstar       |       |       |       |   288 |   996 |   230 |     7 |       |       ||  1521
       Halberd           |       |       |       |     3 |       |       |       |       |       ||     3
       Broad axe         |       |       |       |       |       |   844 |  1605 |  1410 |  9039 || 12898
       Glaive            |       |       |       |       |       |    37 |       |       |       ||    37
       Unarmed           |       |       |       |       |       |       |       |       |     8 ||     8
 Fire: Longbow           |       |       |       |       |       |       |       |       |   150 ||   150
Invok: Divine Shield     |       |       |       |       |     2 |    16 |     5 |     9 |    57 ||    89
       Summon Divine War |       |       |       |       |     1 |     8 |     2 |     6 |    39 ||    56
       Cleansing Flame   |       |       |       |       |       |     1 |       |     1 |    23 ||    25
Evoke: Wand              |       |       |       |       |       |       |     2 |     1 |       ||     3
  Use: Scroll            |       |       |       |     8 |    13 |    17 |     4 |     2 |    25 ||    69
       Potion            |       |       |       |       |     1 |     7 |     6 |     4 |    51 ||    69
Armor: Scale mail        |    53 |    57 |    72 |   186 |       |       |       |       |       ||   368
       Plate armour      |       |       |       |    46 |   716 |   347 |   179 |   268 |   197 ||  1753
       Acid dragon scale |       |       |       |       |       |    40 |    54 |       |       ||    94
       Ice dragon scales |       |       |       |       |       |       |     4 |       |       ||     4
       Crystal plate arm |       |       |       |       |       |       |       |       |  1542 ||  1542
       Skin              |       |       |       |       |       |       |       |       |     1 ||     1
Dodge: Dodged            |    38 |    43 |    78 |   178 |   343 |   158 |   110 |   116 |   511 ||  1575
Block: Kite shield       |    64 |    32 |       |       |   266 |   557 |       |       |       ||   919
       Buckler           |       |    15 |    34 |   112 |   302 |       |       |       |       ||   463
       Tower shield      |       |       |       |       |       |   164 |  1223 |   979 |  6525 ||  8891
       Reflection        |       |       |       |       |       |       |       |     6 |       ||     6

Table legend: (Time is in decaauts)
 A = Elapsed time spent in this place.
 B = Non-inter-level travel time spent in this place.
 C = Inter-level travel time spent in this place.
 D = Time resting spent in this place.
 E = Time spent auto-exploring this place.
 F = Levels seen in this place.
 G = Mean time per level.
                   A        B        C        D        E       F      G
               +--------+--------+--------+--------+--------+-----+--------+
         Total | 107500 |  89033 |  18467 |  16063 |  49655 | 117 |  918.8 |
       Dungeon |  19700 |  14313 |   5387 |   2288 |   9112 |  15 | 1313.3 |
        Temple |    113 |     14 |     99 |      0 |     11 |   1 |  113.0 |
          Lair |  12938 |  10711 |   2227 |   3390 |   5546 |   6 | 2156.3 |
         Swamp |   5452 |   5170 |    282 |   1446 |   2897 |   4 | 1363.0 |
     Snake Pit |   6558 |   5991 |    567 |   1826 |   3190 |   4 | 1639.5 |
    Slime Pits |    885 |    622 |    263 |    131 |    149 |   5 |  177.0 |
  Orcish Mines |   3525 |   3115 |    410 |   1211 |   1307 |   2 | 1762.5 |
   Elven Halls |   7156 |   6465 |    691 |   2382 |   2604 |   3 | 2385.3 |
        Vaults |  11234 |   6782 |   4452 |    416 |   4699 |   5 | 2246.8 |
         Crypt |   2846 |   2236 |    610 |    173 |   1513 |   3 |  948.7 |
          Tomb |   1361 |   1102 |    259 |    111 |    384 |   2 |  680.5 |
        Depths |   7196 |   5604 |   1592 |    211 |   4065 |   5 | 1439.2 |
          Hell |    830 |    494 |    336 |     49 |    208 |   1 |  830.0 |
           Dis |   2751 |   2450 |    301 |    459 |   1021 |   7 |  393.0 |
       Gehenna |   3561 |   3364 |    197 |    131 |   2075 |   7 |  508.7 |
       Cocytus |   2159 |   1936 |    223 |    233 |    252 |   7 |  308.4 |
      Tartarus |   3223 |   2922 |    301 |    312 |   1565 |   7 |  460.4 |
           Zot |   4163 |   3901 |    262 |     92 |   3091 |   5 |  832.6 |
         Abyss |   1597 |   1597 |      0 |    102 |    757 |   5 |  319.4 |
   Pandemonium |   9792 |   9792 |      0 |   1057 |   5017 |  22 |  445.1 |
        Wizlab |    449 |    449 |      0 |     40 |    187 |   1 |  449.0 |
               +--------+--------+--------+--------+--------+-----+--------+

Top non-repeatable levels by time:
  Lair:4: 3379 daAuts
   Elf:3: 3067 daAuts
  Lair:5: 2753 daAuts
Vaults:1: 2642 daAuts
     D:9: 2639 daAuts
Vaults:2: 2606 daAuts
   Orc:2: 2596 daAuts
 Snake:1: 2461 daAuts
   Elf:1: 2258 daAuts
Vaults:4: 2213 daAuts
Vaults:3: 2185 daAuts
     D:8: 2147 daAuts
  Lair:6: 2033 daAuts
  Lair:3: 1843 daAuts
   Elf:2: 1830 daAuts
